 Dungeon Crawl Stone Soup version 0.30-a0-1082-g70414cbcbb (webtiles) character file.

Game seed: 7438857583801822430

12448631 choppaz the Petrodigitator (level 27, 190/190 HPs)
             Began as a Gargoyle Earth Elementalist on Apr 13, 2023.
             Was the Champion of Vehumet.
             Escaped with the Orb
             ... and 15 runes on Apr 15, 2023!
             The game lasted 10:37:12 (130886 turns).

choppaz the Petrodigitator (GrEE)                 Turns: 130886, Time: 10:37:13

Health: 190/190    AC: 45    Str: 22    XL:     27
Magic:  57/57      EV: 23    Int: 25    God:    Vehumet [******]
Gold:   9386       SH: 18    Dex: 15    Spells: 9/80 levels left

rFire   + + +      SeeInvis .    v - +18 lance "Wyrmbane" {slay drac, rPois rF+ rC+ AC+3}
rCold   + + +      Faith    .    Y - +2 shield of Resistance {rF++ rC++ Will++}
rNeg    + + +      Spirit   .    c - +2 robe {rC+ rF+}
rPois   ∞          Reflect  .    E - +2 helmet {Int+3}
rElec   +          Rampage  .    U - +2 cloak {Will+}
rCorr   .          Archmagi +    i - +2 pair of gloves of Dawn {Will- Regen+ Str+4 Dex+5}
Will    ++++.                    z - +2 pair of boots of Spring Thaw {Str+3}
Stlth   +                        y - amulet of Midsummer {RegenMP rElec rC+ rN++ Int-5}
HPRegen 1.31/turn                g - ring of the Mage {Wiz Archmagi}
MPRegen 0.75/turn                p - ring of magical power

@: flying, studying 7 skills
A: sickness immunity, AC +20, big wings, negative energy resistance 1,
electricity resistance, torment resistance 1, petrification resistance,
deterioration 2, low MP 1, MP-powered wands
0: Orb of Zot
}: 15/15 runes: decaying, serpentine, slimy, silver, golden, iron, obsidian,
icy, bone, abyssal, demonic, glowing, magical, fiery, dark
a: Renounce Religion


You escaped.
You worshipped Vehumet.
Vehumet was exalted by your worship.
You visited 18 branches of the dungeon, and saw 88 of its levels.
You visited Pandemonium 1 time, and saw 32 of its levels.
You visited the Abyss 3 times.
You visited 1 bazaar.
You completed 1 ziggurat, and saw 27 of its levels.
You also visited: Gauntlet, Ice Cave, Wizlab and Desolation.

You collected 16634 gold pieces.
You spent 7248 gold pieces at shops.

Inventory:

Hand Weapons
 v - the +18 lance "Wyrmbane" (weapon) {slay drac, rPois rF+ rC+ AC+3}
   (You found it on level 7 of Cocytus)

   AC:        It affects your AC (+3).
   rF:        It protects you from fire.
   rC:        It protects you from cold.
   rPois:     It protects you from poison.
 G - the +13 sceptre of Asmodeus
   (You took it off Asmodeus on level 7 of Gehenna)

   Fire Summon: It may summon demons of flame and damnation when striking foes.
 H - the +8 mithril axe "Arga" {speed, Will+}
   (You found it on level 26 of a ziggurat)

   Will:      It increases your willpower.
 O - the +6 Majin-Bo {spellvamp, MP+6 Int+6}
   (You found it on level 25 of a ziggurat)

   Int:       It affects your intelligence (+6).
   MP:        It affects your magic capacity (+6).
 W - the +8 whip of Foba {elec, rC+ Str-5 Dex+4 SInv}
   (You found it in the Desolation of Salt)

   Str:       It affects your strength (-5).
   Dex:       It affects your dexterity (+4).
   rC:        It protects you from cold.
   SInv:      It lets you see invisible.
Armour
 b - the orb of Dispater {+Damnation *Corrode AC+5}
   (You took it off Dispater on level 7 of the Iron City of Dis)

   +Damnation: It grants the ability to hurl damnation at the cost of health and
   magic, with strength depending on Evocations skill.
   AC:        It affects your AC (+5).
   *Corrode:  It may corrode you when you take damage.
 c - a +2 robe of resistance (worn)
 i - the +2 pair of gloves of Dawn (worn) {Will- Regen+ Str+4 Dex+5}
   (You found it on level 5 of the Pits of Slime)

   Str:       It affects your strength (+4).
   Dex:       It affects your dexterity (+5).
   Regen:     It increases your rate of health regeneration.
   Will:      It decreases your willpower.
 s - the +2 pair of gloves of Nanuafuf {Harm rN+++ Will++ Str-3 Int+3}
   (You found it in Pandemonium)

   Str:       It affects your strength (-3).
   Int:       It affects your intelligence (+3).
   rN:        It renders you almost immune to negative energy.
   Harm:      It increases damage dealt and taken.
   Will:      It greatly increases your willpower.
 z - the +2 pair of boots of Spring Thaw (worn) {Str+3}
   (You bought it in a shop on level 3 of the Elven Halls)

   Str:       It affects your strength (+3).
 E - a +2 helmet of intelligence (worn)
 U - a +2 cloak of willpower (worn)
 Y - the +2 shield of Resistance (worn) {rF++ rC++ Will++}
   (You bought it in a shop on level 2 of the Depths)

   rF:        It greatly protects you from fire.
   rC:        It greatly protects you from cold.
   Will:      It greatly increases your willpower.
Magical Staves
 d - the staff of earth "Dycw" {Int+4}
   (You found it on level 17 of a ziggurat)

   [staff of earth]

   Base accuracy: +5 Base damage: 5 Base attack delay: 1.2 This weapon's minimum
   attack delay (0.6) is reached at skill level 12.
   Int:       It affects your intelligence (+4).
   It falls into the 'Staves' category.
   It is a one-handed weapon.
 x - the staff of fire "Unkac" {rF+ rN+ Will+++ Dex-4}
   (You found it on level 17 of a ziggurat)

   [staff of fire]

   Base accuracy: +5 Base damage: 5 Base attack delay: 1.2 This weapon's minimum
   attack delay (0.6) is reached at skill level 12.
   Dex:       It affects your dexterity (-4).
   rF:        It protects you from fire.
   rN:        It protects you from negative energy.
   Will:      It greatly increases your willpower.
   It falls into the 'Staves' category.
   It is a one-handed weapon.
 B - the staff of death "Xecaux" {rPois rN+ Str+3 Dex-2}
   (You found it in Pandemonium)

   [staff of death]

   Base accuracy: +5 Base damage: 5 Base attack delay: 1.2 This weapon's minimum
   attack delay (0.6) is reached at skill level 12.
   Str:       It affects your strength (+3).
   Dex:       It affects your dexterity (-2).
   rPois:     It protects you from poison.
   rN:        It protects you from negative energy.
   It falls into the 'Staves' category.
   It is a one-handed weapon.
 Z - the staff of conjuration "Onetwoch" {rN+ Int+2}
   (You found it on level 17 of a ziggurat)

   [staff of conjuration]

   Base accuracy: +5 Base damage: 5 Base attack delay: 1.2 This weapon's minimum
   attack delay (0.6) is reached at skill level 12.
   Int:       It affects your intelligence (+2).
   rN:        It protects you from negative energy.
   It falls into the 'Staves' category.
   It is a one-handed weapon.
Jewellery
 g - the ring of the Mage (left hand) {Wiz Archmagi}
   (You bought it in a shop in a bazaar)

   [ring of wizardry]

   It improves your spell success rate.
   Archmagi:  It increases the power of your magical spells.
 h - the ring of Kuime {+Blink Int+6 Dex+2}
   (You took it off an imperial myrmidon in the Desolation of Salt)

   [ring of intelligence]

   Int:       It affects your intelligence (+6).
   Dex:       It affects your dexterity (+2).
   +Blink:    It lets you blink.
 m - the amulet "Azizoc" {rN+ Regen+ Str+3 Dex+3 Stlth+}
   (You took it off a necromancer on level 4 of the Depths)

   [amulet of regeneration]

   Str:       It affects your strength (+3).
   Dex:       It affects your dexterity (+3).
   rN:        It protects you from negative energy.
   Regen:     It increases your rate of health regeneration.
   Stlth:     It makes you more stealthy.
 p - a ring of magical power (right hand)
 y - the amulet of Midsummer (around neck) {RegenMP rElec rC+ rN++ Int-5}
   (You took it off a deep elf archer on level 2 of the Elven Halls)

   [amulet of magic regeneration]

   It increases your rate of magic regeneration.
   Int:       It affects your intelligence (-5).
   rC:        It protects you from cold.
   rElec:     It insulates you from electricity.
   rN:        It greatly protects you from negative energy.
 I - the amulet "Seleas" {Reflect rElec rPois rF+++ Str-2 SH+5}
   (You found it on level 18 of a ziggurat)

   [amulet of reflection]

   It reflects blocked missile attacks.
   Str:       It affects your strength (-2).
   rF:        It renders you almost immune to fire.
   rElec:     It insulates you from electricity.
   rPois:     It protects you from poison.
   SH:        It affects your SH (+5).
 J - the ring "Usasy" {rF- Will+++ rCorr MP+9 Int-4}
   (You took it off a skeletal warrior on level 3 of the Crypt)

   [ring of magical power]

   Int:       It affects your intelligence (-4).
   rF:        It makes you vulnerable to fire.
   MP:        It affects your magic capacity (+9).
   rCorr:     It protects you from acid and corrosion.
   Will:      It greatly increases your willpower.
 K - the ring "Biget" {Contam MP+9 Str+4 Int+3 Dex+3}
   (You found it in Pandemonium)

   [ring of magical power]

   Str:       It affects your strength (+4).
   Int:       It affects your intelligence (+3).
   Dex:       It affects your dexterity (+3).
   MP:        It affects your magic capacity (+9).
   Contam:    It causes magical contamination when unequipped.
 M - an amulet of magic regeneration
Wands
 t - a wand of digging (26)
 N - a wand of quicksilver (81)
 S - a wand of iceblast (145)
Scrolls
 e - 43 scrolls of teleportation
 n - 22 scrolls of fear
 o - 32 scrolls of fog
 u - 15 scrolls of immolation
 w - 5 scrolls of amnesia
 F - 12 scrolls of blinking
Potions
 a - 37 potions of curing
 f - 2 potions of invisibility
 k - 24 potions of mutation
 r - 18 potions of attraction
 C - 3 potions of magic
 P - 8 potions of heal wounds
 Q - 6 potions of cancellation
 R - a potion of resistance
 T - 11 potions of ambrosia
 V - 4 potions of might
 X - 13 potions of lignification
Miscellaneous
 l - a condenser vane
 A - a tin of tremorstones (2/2)
 D - a phial of floods
 L - a phantom mirror


   Skills:
 O Level 27 Fighting
 - Level 17.0(18.0) Axes
 - Level 10.6(16.8) Maces & Flails
 - Level 10.0(12.0) Staves
 - Level 1.0 Throwing
 - Level 21.0 Armour
 - Level 21.0 Dodging
 - Level 2.1 Stealth
 - Level 21.0 Shields
 O Level 27 Spellcasting
 O Level 27 Conjurations
 - Level 7.0 Summonings
 O Level 27 Necromancy
 - Level 8.0 Transmutations
 - Level 23.0 Fire Magic
 O Level 27 Earth Magic
 + Level 19.0 Evocations


You had 9 spell levels left.
You knew the following spells:

 Your Spells              Type           Power      Damage    Failure   Level
a - Borgnjor's Revivific  Necr           64%        N/A       1%          8
b - Iron Shot             Conj/Erth      64%        9d12      0%          6
c - Shatter               Erth           64%        3d48*     1%          9
d - Fire Storm            Conj/Fire      63%        8d16      1%          9
e - Death's Door          Necr           64%        N/A       1%          9
f - Necromutation         Tmut/Necr      55%        N/A       2%          8
g - Irradiate             Conj/Tmut      55%        3d30      0%          5
h - Infestation           Necr           64%        N/A       1%          8
i - Spellforged Servitor  Conj/Summ      54%        N/A       1%          7
j - Blink                 Tloc           100%       N/A       1%          2

Your spell library contained the following spells:

 Spells                   Type           Power      Damage    Failure   Level
 Foxfire                  Conj/Fire      100%       2x1d9     0%          1
 Magic Dart               Conj           100%       1d8       0%          1
 Necrotise                Necr           100%       1d9       0%          1
 Sandblast                Erth           100%       2d20      0%          1
 Momentum Strike          Conj/Tloc      100%       3d10      0%          2
 Passwall                 Tmut/Erth      91%        N/A       0%          2
 Static Discharge         Conj/Air       100%       2-7/arc   0%          2
 Dazzling Flash           Conj/Hex       100%       N/A       0%          3
 Hailstorm                Conj/Ice       100%       3d20      0%          3
 Stone Arrow              Conj/Erth      100%       3d13      0%          3
 Vampiric Draining        Necr           100%       2d13      0%          3
 Animate Armour           Summ/Erth      100%       N/A       0%          4
 Animate Dead             Necr           100%       N/A       0%          4
 Dispel Undead            Necr           100%       3d31      0%          4
 Petrify                  Tmut/Erth      100%       N/A       0%          4
 Sticky Flame             Conj/Fire      100%       2d11      0%          4
 Agony                    Necr           100%       N/A       0%          5
 Borgnjor's Vile Clutch   Necr/Erth      64%        N/A       0%          5
 Fireball                 Conj/Fire      63%        3d24      0%          5
 Iskenderun's Battlesphe  Conj           100%       2d15      0%          5
 Lee's Rapid Deconstruct  Erth           64%        3d29*     0%          5
 Death Channel            Necr           64%        N/A       0%          6
 Starburst                Conj/Fire      63%        6d17      0%          6
 Orb of Destruction       Conj           64%        9d15      0%          7
 Apportation              Tloc           100%       N/A       1%          1
 Beastly Appendage        Tmut           100%       N/A       1%          1
 Freeze                   Ice            100%       1d10      1%          1
 Slow                     Hex            100%       N/A       1%          1
 Sting                    Tmut/Pois      100%       1d8       1%          1
 Summon Small Mammal      Summ           100%       N/A       1%          1
 Call Imp                 Summ           100%       N/A       1%          2
 Ensorcelled Hibernation  Hex/Ice        100%       N/A       1%          2
 Lesser Beckoning         Tloc           100%       N/A       1%          2
 Poisonous Vapours        Pois/Air       100%       N/A       1%          2
 Wereblood                Tmut           84%        N/A       1%          2
 Call Canine Familiar     Summ           80%        N/A       1%          3
 Confusing Touch          Hex            50%        N/A       1%          3
 Gell's Gravitas          Tloc           50%        N/A       1%          3
 Ignite Poison            Fire/Tmut/Pois 91%        N/A       1%          3
 Inner Flame              Hex/Fire       95%        N/A       1%          3
 Mephitic Cloud           Conj/Pois/Air  87%        N/A       1%          3
 Ozocubu's Armour         Ice            50%        N/A       1%          3
 Portal Projectile        Hex/Tloc       100%       N/A       1%          3
 Spider Form              Tmut/Pois      69%        N/A       1%          3
 Summon Guardian Golem    Hex/Summ       67%        N/A       1%          3
 Swiftness                Air            50%        N/A       1%          3
 Teleport Other           Tloc           50%        N/A       1%          3
 Tukima's Dance           Hex            50%        N/A       1%          3
 Vhi's Electric Charge    Tloc/Air       100%       N/A       1%          3
 Volatile Blastmotes      Fire/Tloc      100%       2d18      1%          3
 Airstrike                Air            25%        2d(4-20)  1%          4
 Anguish                  Hex/Necr       50%        N/A       1%          4
 Fulminant Prism          Conj/Hex       50%        3d23      1%          4
 Ice Form                 Ice/Tmut       69%        N/A       1%          4
 Iskenderun's Mystic Bla  Conj/Tloc      100%       2d19      1%          4
 Leda's Liquefaction      Hex/Erth       50%        N/A       1%          4
 Olgreb's Toxic Radiance  Pois           50%        N/A       1%          4
 Summon Ice Beast         Ice/Summ       67%        N/A       1%          4
 Summon Lightning Spire   Summ/Air       67%        N/A       1%          4
 Arcjolt                  Conj/Air       50%        1d60      1%          5
 Blade Hands              Tmut           42%        N/A       1%          5
 Freezing Cloud           Conj/Ice/Air   43%        6-21      1%          5
 Yara's Violent Unravell  Hex/Tmut       34%        3d14      1%          5
 Conjure Ball Lightning   Conj/Air       50%        3x3d17    1%          6
 Plasma Beam              Fire/Air       47%        2x1d68    1%          6
 Simulacrum               Ice/Necr       50%        N/A       1%          6
 Haunt                    Necr/Summ      54%        N/A       1%          7
 Ignition                 Fire           61%        3d16      1%          8
 Lehudib's Crystal Spear  Conj/Erth      64%        10d15     1%          8
 Alistair's Intoxication  Tmut/Pois      46%        N/A       2%          5
 Summon Forest            Summ/Tloc      33%        N/A       3%          5
 Summon Mana Viper        Hex/Summ       67%        N/A       3%          5
 Cause Fear               Hex            25%        N/A       4%          4
 Manifold Assault         Tloc           50%        N/A       4%          4
 Passage of Golubria      Tloc           50%        N/A       4%          4
 Eringya's Noxious Bog    Tmut/Pois      34%        N/A       4%          6
 Summon Cactus Giant      Summ           40%        N/A       4%          6
 Metabolic Englaciation   Hex/Ice        25%        N/A       12%         5
 Silence                  Hex/Air        25%        N/A       12%         5
 Dragon Form              Tmut           42%        N/A       14%         7
 Monstrous Menagerie      Summ           40%        N/A       21%         7
 Summon Hydra             Summ           40%        N/A       21%         7
 Chain Lightning          Conj/Air       50%        3d66      38%         9
 Dispersal                Tloc           25%        N/A       52%         6
 Storm Form               Tmut/Air       34%        N/A       56%         7
 Ozocubu's Refrigeration  Ice            25%        4d13      61%         7
 Malign Gateway           Summ/Tloc      33%        N/A       63%         7
 Summon Horrible Things   Summ           40%        N/A       82%         8
 Enfeeble                 Hex            25%        N/A       97%         7
 Maxwell's Capacitive Co  Air            25%        ∞         99%         8
 Discord                  Hex            25%        N/A       100%        8
 Disjunction              Tloc           25%        N/A       100%        8
 Dragon's Call            Summ           40%        N/A       100%        9
 Polar Vortex             Ice            25%        N/A       100%        9
 Cigotuvi's Dreadful Rot  Necr/Pois/Air  Unusable   N/A       N/A         2
 Statue Form              Tmut/Erth      Unusable   N/A       N/A         6

Dungeon Overview and Level Annotations

Branches:
Dungeon (15/15)            Temple (1/1) D:5            Lair (5/5) D:11
  Swamp (4/4) Lair:3        Snake (4/4) Lair:2        Slime (5/5) Lair:4
    Orc (2/2) D:12            Elf (3/3) Orc:2        Vaults (5/5) D:13
  Crypt (3/3) Vaults:3       Tomb (3/3) Crypt:3      Depths (4/4) D:15
   Hell (visited)             Dis (7/7) Hell            Geh (7/7) Hell
    Coc (7/7) Hell            Tar (7/7) Hell            Zot (5/5) Depths:4
  IceCv (visited)          WizLab (visited)         Desolation (visited)
Gauntlet (visited)

Altars:
Ashenzari
Cheibriados
Dithmenos
Elyvilon
Fedhas
Gozag
Hepliaklqana
Kikubaaqudgha
Makhleb
Nemelex Xobeh
Okawaru
Qazlal
Ru
Sif Muna
Trog
Uskayaw
Vehumet
Wu Jian
Xom
Yredelemnul
Zin
The Shining One
Jiyva
Lugonu

Shops:
Orc:1 (   Orc:2 *([?**   Elf:2 (   Elf:3 [   Snake:1 ::=[   Snake:4 *
Depths:2 [

Portals:
Hell: Depths:1 Depths:2 Depths:3 Depths:4
Abyss: Depths:3 Depths:4
Pandemonium: Depths:2

Annotations:
Orc:2 2 transporters


Innate Abilities, Weirdness & Mutations

You are immune to sickness and miasma.
Your stone body is resilient. (AC +20)
You are immune to poison.
Your large and strong wings let you fly.
You resist negative energy. (rN+)
You are resistant to electric shocks. (rElec)
You are resistant to unholy torment.
You are immune to petrification.
Your body often deteriorates upon taking damage.
Your magical capacity is low. (-10% MP)
You expend magic power (3 MP) to strengthen your wands.


Message History

A demonspawn warmonger comes into view.
It is wielding a +1 glaive of venom and wearing a +3 plate armour of poison resistance.
There is a stone staircase leading up here.
The reaper completely misses you.
You fly upwards.
There is a stone staircase leading down here.
(D) Dungeon (T) Temple (L) Lair (S) Swamp (P) Snake Pit (M) Slime Pits (O) Orcish Mines (E) Elven Halls (V) Vaults (C) Crypt (W) Tomb (U) Depths (H) Hell (I) Dis (G) Gehenna (X) Cocytus (Y) Tartarus (Z) Zot
Where to? (Enter - D:1, ? - help)
There is a stone staircase leading up here.
You fly upwards.
There is a stone staircase leading down here.
A Hell Sentinel comes into view.
You feel a strong surge of power!
The dungeon rumbles!
The Hell Sentinel is severely wounded.
Ka-crash!
You feel a strong surge of power!
The dungeon rumbles!
You kill the Hell Sentinel!
Vehumet accepts your kill.
You feel your power returning.
Ka-crash!
Your phantom mirror has recharged.
Your Evocations skill increases to level 19!
You see here 4 stones.
Magic restored.
There is a staircase leading out of the dungeon here.
Casting: Shatter (mildly dangerous; 1% risk of failure)
Confirm with . or Enter, or press ? or * to list all spells.
You feel a surge of power!
You summon a servant imbued with your destructive magic!
You feel an overwhelming desire to slay dragons!
v - the +18 lance "Wyrmbane" (weapon)
{slay drac, rPois rF+ rC+ AC+3} Unknown command.
You start resting.
Magic restored.
You have escaped!

......#####......................
....................(............
########...###.#######...........
##.#...#....# #.#.........
#......####.####..#........
####.##...####...###......###.
##.....#......###.# ###...###..
###......#....#.9.#.# ##.......
#........#....#.@.#.# #..####..
..##.....#.≈≈.#...#.# #.## #..
####.....#.≈≈.#####.# ##.#####..
# #.....#......#...# #..##.....
#.........####...####.#...##.#
#............##.....#...####.#
######.##.######.##......#....
###.....# ##.......##......
##.......###.......###(.....


You could see a friendly spellforged servitor (summoned).

Vanquished Creatures
  Antaeus (Coc:7)
  Gloorx Vloq (Pan)
  the Royal Jelly (Slime:5)
  Ereshkigal (Tar:7)
  The ghost of Zorhyraw the Slayer, a legendary GrEE of Vehumet (Zig:24)
  Mnoleg (Pan)
  Lom Lobon (Pan)
  The ghost of Ihium the Petrodigitator, a legendary GrEE of Vehumet (Zig:24)
  Khufu (Tomb:1)
  The ghost of choppaz the Petrodigitator, a legendary GrEE of Vehumet (Zig:24)
  Mara (Vaults:3)
  The ghost of Lavandula the Executioner, a legendary DsGl of Makhleb (Zig:24)
  4 dread liches
  Dispater (Dis:7)
  8 ancient liches
  The ghost of Erphurifo the Ninja, a legendary GnWn of Zin (Zig:24)
  4 orbs of fire (Zot:5)
  13 juggernauts
  Mennas (Tomb:3)
  19 pandemonium lords
  The ghost of Muffal the Impregnable, a legendary FoFi of the Shining One (Zig:24)
  The ghost of Wyzxe the Ruinous, a legendary OpFE of Sif Muna (Zig:24)
  35 royal mummies
  The ghost of Rauty the Slayer, a veteran MiFi of Okawaru (Zig:24)
  The ghost of Gishoal the Imperceptible, a legendary KoBr of Wu Jian (Zig:24)
  The ghost of Jebabuaf the Sorcerer, a veteran DjFE of Hepliaklqana (Zot:1)
  Boris (thrice) (Vaults:3 Depths:4 Crypt:2)
  Vv (Zot:4)
  The ghost of Ereufydu the Archmage, a legendary VSGl of Wu Jian (Zig:24)
  The ghost of Ereufydu the Archmage, a legendary VSGl of Wu Jian (Zig:24)
  4 shard shrikes (Coc:7)
  15 Killer Klowns
  4 curse toes
  Geryon (Hell)
  24 caustic shrikes
  22 golden dragons
  A golden dragon (shapeshifter) (Elf:2)
  the Enchantress (Depths:1)
  7 profane servitors
  8 doom hounds
  19 Tzitzimimeh
  17 bone dragons
  2 electric golems
  8 Brimstone Fiends
  14 tentacled monstrosities
  7 hellephants
  Zenata (Elf:3)
  6 iron giants
  Jorgrun (D:15)
  27 Hell Sentinels
  12 liches
  23 Ice Fiends
  17 tainted leviathans
  18 Orb Guardians
  9 titans
  3 walking frostbound tomes
  Asterion (Vaults:3)
  3 deep elf blademasters
  27 searing wretches
  2 deep elf master archers (Elf:3)
  A quicksilver dragon (shapeshifter) (Zig:20)
  25 acid blobs
  8 quicksilver dragons
  13 Executioners (Pan)
  6 death cobs
  44 ancient champions
  7 tentacled starspawn
  A thorn hunter (Swamp:4)
  11 shadow dragons
  Kirke (D:13)
  6 tengu reavers
  3 sphinxes
  13 storm dragons
  6 revenants
  14 azure jellies
  8 narguns
  22 rockslimes
  3 draconian monks
  An azure jelly (shapeshifter) (Vaults:5)
  8 nagarajas
  A daeva (Zig:21)
  6 demonspawn warmongers (Pan)
  4 fenstrider witches
  12 quicksilver elementals
  4 draconian knights
  13 iron dragons
  14 frost giants
  4 deep elf sorcerers (Elf:3)
  10 fire giants
  27 balrugs
  6 deep elf elementalists (Elf:3)
  7 vault wardens
  3 shard shrike simulacra
  4 draconian scorchers
  A juggernaut zombie (Crypt:3)
  6 emperor scorpions
  A spectral caustic shrike (Tar:3)
  14 ghost moths
  2 spectral juggernauts (Depths:4)
  An imperial myrmidon (Desolation)
  3 draconian shifters
  Aizul (Depths:1)
  4 draconian stormcallers
  9 curse skulls
  16 ironbound preservers
  15 orc warlords
  4 ghouls
  17 cacodemons
  8 demonspawn corrupters
  A broodmother (shapeshifter) (Vaults:5)
  15 reapers
  5 demonspawn blood saints
  11 quicksilver oozes
  5 spriggan defenders
  6 draconian annihilators
  27 very ugly things
  A stone giant (shapeshifter) (Zig:20)
  4 broodmothers
  28 war gargoyles
  24 stone giants
  9 eleionomae
  8 black draconians
  4 dire elephants
  4 ironbound thunderhulks
  The ghost of NoOffense the Brawler, a journeyman TrMo of Hepliaklqana (Orc:2)
  6 yellow draconians
  6 vampire knights
  22 elemental wellsprings
  12 bennus
  Nessos (D:15)
  A halazid warlock (Desolation)
  7 purple draconians
  4 bunyips
  8 lorocyprocas
  10 deep elf demonologists
  16 green draconians
  A spectral titan (Tar:4)
  13 putrid mouths
  8 deep elf annihilators
  6 red draconians
  11 demonspawn black suns
  A minotaur (Gauntlet)
  17 white draconians
  7 spark wasps
  14 wendigos
  The ghost of svtm the Basher, a journeyman MiFi of Wu Jian (Swamp:1)
  47 green deaths
  4 crystal guardians
  26 iron golems
  11 deep elf death magi
  A quicksilver dragon zombie (Zig:15)
  Snorg (Lair:4)
  7 blizzard demons
  5 eidola
  2 merfolk javelineers (Zig:19)
  2 elf zombies (Tomb:3)
  32 mummy priests
  6 fire dragons
  11 jiangshi
  Josephine (D:15)
  7 merfolk impalers (Zig:19)
  4 deep elf high priests
  2 ragged hierophants (Desolation)
  6 yaktaur captains
  9 great orbs of eyes
  10 entropy weavers
  13 ettins
  A spectral golden dragon (Depths:4)
  14 shambling mangroves
  2 spectral spriggans (Tar:1)
  10 rakshasas
  8 hell beasts
  14 caustic shrike simulacra
  4 radroaches
  28 vault guards
  11 salamander tyrants
  Harold (D:11)
  3 ice dragons
  5 servants of whispers (Desolation)
  2 spriggan skeletons
  2 ogre magi
  7 juggernaut simulacra
  Fannar (Lair:2)
  A death knight (Crypt:3)
  8 centaur warriors
  9 spriggan air magi
  41 hydras
  6 stokers
  4 boulder beetles
  2 merfolk avatars (Zig:19)
  An alligator snapping turtle (Zig:19)
  3 satyrs (Zig:19)
  A spectral shadow dragon (Depths:4)
  6 peacekeepers (Desolation)
  4 merfolk aquamancers (Zig:19)
  5 ghost crabs
  3 ironbound frosthearts
  6 anacondas
  A fenstrider witch skeleton (Tomb:1)
  14 two-headed ogres
  18 death yaks
  14 alligators
  30 death scarabs
  4 deep troll shamans
  26 dancing weapons
  A spectral naga (Tar:7)
  4 tengu warriors
  10 naga warriors
  22 orc high priests
  4 spriggan berserkers
  4 vampire magi
  4 thrashing horrors (Zig:21)
  2 titan zombies
  11 deep troll earth magi
  30 soul eaters
  Urug (D:10)
  19 deep elf knights
  A spectral storm dragon (Tar:1)
  11 shock serpents
  22 hell hogs
  12 naga sharpshooters
  A titan skeleton (Tomb:1)
  9 hell knights
  A storm dragon zombie (Hell)
  16 shadow wraiths
  50 sun demons
  17 crystal echidnas
  A shock serpent (shapeshifter) (D:13)
  13 sixfirhies
  2 sun moths (Zig:18)
  8 wretched stars
  16 iron trolls
  3 storm dragon skeletons
  2 spatial maelstroms (Zig:21)
  3 salamander mystics
  22 skeletal warriors
  6 shadow demons (Pan)
  7 goliath frogs
  4 quicksilver dragon simulacra
  A golden dragon zombie (Zig:17)
  A spectral anaconda (Tar:3)
  A skyshark (Lair:4)
  5 pharaoh ants
  23 death drakes
  61 deep trolls
  8 orb spiders
  5 sea snakes (Zig:19)
  7 spriggan druids
  3 glowing orange brains
  A steelbarb worm (shapeshifter) (Zig:20)
  4 flayed ghosts
  A bunyip skeleton (Crypt:1)
  6 obsidian statues
  25 swamp dragons
  A shadow dragon zombie (Crypt:1)
  11 wizards
  3 steelbarb worms (Zig:18)
  The ghost of soepkip the Chopper, a novice MiMo (D:6)
  27 large abominations
  5 bog bodies
  11 deep elf archers
  14 ironbound convokers
  6 orange crystal statues
  2 lindwurms (Vaults:2)
  2 golden dragon skeletons (Zig:17)
  5 mana vipers
  9 orc knights
  28 harpies
  12 necromancers
  7 phantasmal warriors
  29 deep elf pyromancers
  5 wolf spiders
  8 starcursed masses
  An iron dragon zombie (Tomb:2)
  5 will-o-the-wisps
  28 deep elf zephyrmancers
  14 cyclopes
  46 ugly things
  16 orc sorcerers
  10 shining eyes
  3 salamanders
  A sphinx skeleton (Zig:17)
  A worldbinder (Abyss:1)
  A goliath frog skeleton (Crypt:2)
  A faun (shapeshifter) (Depths:4)
  An iron dragon skeleton (Crypt:3)
  27 moths of wrath
  9 manticores
  A merfolk siren (Zig:19)
  10 guardian serpents
  14 rust devils
  A spectral ettin (Tar:1)
  10 fauns (Zig:19)
  A guardian serpent (shapeshifter) (Zig:5)
  2 spectral alligator snapping turtles
  8 elephants (Lair:2)
  2 apocalypse crabs (Zig:21)
  A dire elephant zombie (Hell)
  2 water nymphs (Zig:19)
  11 ice statues
  19 black mambas
  Maurice (D:8)
  9 vault sentinels
  A water nymph (shapeshifter) (Vaults:5)
  A centaur zombie (Tomb:2)
  A torpor snail (shapeshifter) (D:10)
  4 eyes of devastation
  94 slime creatures
  7 naga magi
  A fire giant skeleton (Crypt:1)
  An eye of devastation (shapeshifter) (Vaults:5)
  A dire elephant skeleton (Crypt:2)
  9 gargoyles
  3 titan simulacra
  A cane toad (shapeshifter) (Elf:2)
  7 torpor snails
  44 smoke demons
  A minotaur zombie (Crypt:1)
  15 orange demons
  20 cane toads
  A yaktaur zombie (Vaults:4)
  9 demonic crawlers
  A shock serpent skeleton (Crypt:2)
  A spectral unseen horror (D:6)
  3 bunyip simulacra
  28 yaktaurs
  A kobold demonologist (D:10)
  33 hellions
  8 unseen horrors
  4 naga skeletons
  7 efreet
  63 guardian mummies
  A tengu conjurer (Depths:3)
  17 komodo dragons
  2 iron giant simulacra
  A death yak skeleton (Crypt:1)
  3 ancient zymes (Zig:21)
  A yaktaur (shapeshifter) (Zig:20)
  13 ice devils
  7 anaconda simulacra
  21 tormentors
  A golden dragon simulacrum (Hell)
  An iron troll zombie (Crypt:2)
  7 freezing wraiths
  2 silent spectres
  19 merfolk (Zig:19)
  7 red devils
  An unseen horror skeleton (D:6)
  A red draconian skeleton (Crypt:1)
  A troll (shapeshifter) (D:15)
  2 queen bees
  33 trolls
  A harpy zombie (Crypt:3)
  5 meliai
  A queen bee (shapeshifter) (Vaults:5)
  2 spectral harpies
  2 wind drakes (Zig:19)
  18 hellwings
  13 tyrant leeches
  6 bloated husks
  45 hornets
  2 sphinx simulacra (Depths:4)
  5 polar bears
  5 raiju
  Grinder (D:5)
  A great orb of eyes zombie (Crypt:3)
  5 tarantellas
  A tengu simulacrum (Hell)
  A raiju (shapeshifter) (Depths:3)
  27 saltlings (Desolation)
  A dream sheep (shapeshifter) (Depths:3)
  18 blink frogs
  2 harpy skeletons
  3 iron dragon simulacra
  An ettin zombie (Crypt:2)
  3 snapping turtles (Zig:19)
  35 flying skulls
  2 elf skeletons (Vaults:4)
  20 ynoxinuls
  A centaur simulacrum (D:15)
  2 ettin skeletons
  5 shadows
  A stone giant simulacrum (Hell)
  9 wraiths
  A culicivora (Zig:13)
  22 spriggans
  9 vampires
  6 air elementals
  An alligator skeleton (Crypt:1)
  63 yaks
  8 water elementals
  3 hogs (D:13)
  8 jumping spiders
  A merfolk skeleton (Crypt:1)
  6 wyverns
  4 basilisks
  2 fire bats (Pan)
  Grum (D:11)
  17 ushabtiu
  A fire elemental (Elf:2)
  2 alligator snapping turtle simulacra
  6 dire elephant simulacra
  4 golden eyes
  A redback (shapeshifter) (Zig:20)
  24 vampire mosquitoes
  8 wargs
  3 redbacks
  A catoblepas simulacrum (Coc:1)
  14 neqoxecs
  13 chaos spawn
  15 harpy simulacra
  14 swamp worms
  25 nagas
  Edmund (D:6)
  2 glowing shapeshifter zombies
  3 acid dragons
  A cane toad zombie (Crypt:1)
  2 small abominations (Abyss:3)
  23 water moccasins
  3 floating eyes
  A demonspawn skeleton (Crypt:1)
  7 hydra simulacra
  A floating eye (shapeshifter) (Depths:3)
  42 orc warriors
  A deep troll skeleton (Crypt:3)
  2 sky beasts
  4 ice beasts
  6 swamp drakes (Swamp:4)
  A fire dragon simulacrum (Hell)
  4 black bears
  An ice dragon simulacrum (Coc:1)
  A boggart (shapeshifter) (D:13)
  2 ettin simulacra (Coc:7)
  38 ogres
  14 centaurs
  6 boggarts
  25 wolves
  2 swamp dragon skeletons
  21 bullfrogs
  5 kobold brigands
  An earth elemental (Elf:1)
  A necrophage (Crypt:1)
  Blork the orc (D:5)
  2 scorpions (D:5)
  A gnoll sergeant (D:5)
  4 naga simulacra
  2 cane toad simulacra (IceCv)
  A demonspawn simulacrum (Crypt:3)
  2 wyvern skeletons
  A wight (Abyss:3)
  A raiju zombie (Crypt:3)
  A troll zombie (D:12)
  A swamp dragon simulacrum (Crypt:1)
  30 killer bees
  3 howler monkeys
  13 electric eels
  3 spectral centaurs
  3 crimson imps (Pan)
  A bullfrog zombie (Crypt:1)
  A wolf skeleton (Crypt:3)
  3 gnoll boudas
  18 orc priests
  9 hounds
  13 jellies
  5 iguanas
  28 orc wizards
  2 sleepcaps
  A polar bear simulacrum (IceCv)
  9 spriggan simulacra
  A nameless horror (Vaults:1)
  5 ogre zombies (D:12)
  54 mummies
  A howler monkey zombie (Crypt:3)
  7 gnolls
  A howler monkey skeleton (Crypt:1)
  An adder (shapeshifter) (Zig:20)
  7 adders
  A steam dragon skeleton (Crypt:3)
  4 shadow imps
  A white imp (D:5)
  3 ufetubi
  A worm (D:2)
  4 dart slugs
  71 orcs
  7 ball pythons
  4 bat zombies
  7 endoplasms
  8 giant cockroaches
  A jackal (D:5)
  7 quokkas
  8 bats
  6 frilled lizards
  5 goblins
  A goblin skeleton (D:12)
  A goblin zombie (D:12)
  A hobgoblin skeleton (D:12)
  4 hobgoblin zombies (D:12)
  A jackal skeleton (Crypt:2)
  16 kobolds
  2 orc skeletons (D:12)
  10 orc zombies (D:12)
  A quokka skeleton (Crypt:1)
  5 rats
  2 rat zombies (D:4)
  3 ball lightnings (Pan)
  6 creeping infernos
  6 fire vortices
  A lurking horror (Abyss:3)
  A pillar of salt (Desolation)
  2 plants (Zig:15)
  2 starspawn tentacles (Abyss:1)
  2 withered plants (Depths:4)
4316 creatures vanquished.

Vanquished Creatures (collateral kills)
  Cerebov (Pan)
  Asmodeus (Geh:7)
  Dissolution (Slime:3)
  2 ancient liches (Vaults:5)
  The ghost of Erphurifo the Ninja, a legendary GnWn of Zin (Zig:24)
  The ghost of Kourobo the Slayer, a master MiFi of Gozag (Zot:2)
  A juggernaut (shapeshifter) (Vaults:5)
  the Lernaean hydra (Swamp:4)
  5 pandemonium lords (Pan)
  2 shard shrikes (Coc:7)
  A Killer Klown (Zot:5)
  Vashnia (Snake:3)
  A caustic shrike (Dis:7)
  The ghost of Reazxylo the Slayer, an adept MiBe of Trog (Elf:3)
  7 golden dragons
  3 bone dragons
  4 profane servitors
  13 Brimstone Fiends
  2 Tzitzimimeh
  An electric golem (Zot:5)
  10 hellephants
  2 doom hounds
  A walking crystal tome (WizLab)
  7 tentacled monstrosities
  2 liches
  5 Ice Fiends
  4 Hell Sentinels
  9 Orb Guardians (Zot:5)
  3 tainted leviathans (Tar:7)
  2 walking divine tomes (WizLab)
  13 Executioners (Pan)
  3 titans
  7 searing wretches
  8 acid blobs
  3 death cobs
  5 shadow dragons
  2 tengu reavers
  A tentacled starspawn (Zig:21)
  7 storm dragons
  An eldritch tentacle (Pan)
  2 sphinxes (Vaults:2)
  A strange machine (WizLab)
  2 draconian monks
  4 nagarajas
  An azure jelly (Slime:4)
  4 demonspawn warmongers (Pan)
  A draconian knight (Zot:4)
  A quicksilver elemental (Dis:7)
  2 vault wardens
  2 rockslimes
  7 frost giants
  2 imperial myrmidons (Desolation)
  12 fire giants
  27 balrugs
  An iron dragon (Dis:1)
  A ghost moth (Pan)
  18 cacodemons (Pan)
  3 draconian stormcallers
  2 war gargoyles
  6 ironbound preservers
  5 draconian annihilators
  An orc warlord (Vaults:2)
  9 reapers
  14 demonspawn blood saints (Pan)
  A draconian shifter (Zot:5)
  7 demonspawn corrupters (Pan)
  11 stone giants
  12 demonspawn black suns
  An eleionoma (Swamp:3)
  3 green draconians
  12 very ugly things
  2 black draconians
  A deep elf annihilator (Elf:3)
  A white draconian (Zot:2)
  A halazid warlock (Desolation)
  2 purple draconians
  6 putrid mouths
  2 starcursed masses (Abyss:1)
  2 spark wasps
  4 lorocyprocas (Pan)
  6 dire elephants
  5 red draconians
  12 green deaths (Pan)
  2 yellow draconians
  2 eidola (Tar:7)
  An ettin (shapeshifter) (Zig:20)
  4 iron golems
  14 blizzard demons (Pan)
  A deep elf death mage (Elf:3)
  3 fire dragons
  6 great orbs of eyes
  A deep elf high priest (Elf:3)
  2 ragged hierophants (Desolation)
  5 ettins
  4 yaktaur captains
  A spectral spriggan (Tar:6)
  8 rakshasas
  4 hell beasts (Pan)
  5 hydras
  2 salamander tyrants
  A radroach (Zig:18)
  4 servants of whispers (Desolation)
  A juggernaut simulacrum (Coc:7)
  2 spriggan skeletons (Pan)
  3 centaur warriors (Vaults:1)
  3 ironbound frosthearts
  5 peacekeepers (Desolation)
  5 anacondas
  A stoker (Geh:6)
  2 two-headed ogres (Zot:3)
  2 deep troll shamans
  5 naga sharpshooters
  A vampire mage (Depths:2)
  5 naga warriors
  18 dancing weapons
  A spriggan berserker (Depths:4)
  2 orc high priests
  9 hell hogs
  48 sun demons (Pan)
  A thrashing horror (Abyss:1)
  24 soul eaters (Pan)
  3 deep elf knights
  3 hell knights
  3 shock serpents
  A crystal echidna (Dis:3)
  10 iron trolls
  25 deep trolls
  3 shadow wraiths
  A salamander mystic (Snake:4)
  22 sixfirhies
  A glowing orange brain (Depths:1)
  9 shadow demons (Pan)
  7 naga ritualists
  2 bog bodies (Swamp:4)
  A spectral anaconda (Tar:1)
  3 swamp dragons (Swamp:4)
  A spriggan druid (Swamp:4)
  A wizard (Vaults:3)
  A lindwurm (Vaults:2)
  An orc knight (Vaults:3)
  2 deep elf pyromancers
  9 ironbound convokers
  7 deep elf zephyrmancers
  5 harpies
  14 ugly things
  An orc sorcerer (Zig:25)
  4 necromancers
  6 mana vipers
  A salamander (shapeshifter) (Vaults:1)
  12 salamanders
  7 moths of wrath
  A stone giant zombie (Abyss:1)
  12 black mambas
  3 rust devils (Pan)
  8 naga magi
  36 orange demons
  7 guardian serpents
  10 demonic crawlers (Pan)
  3 vault sentinels
  A titan simulacrum (Coc:7)
  A centaur skeleton (Abyss:1)
  42 smoke demons
  A freezing wraith (Vaults:5)
  5 efreet (Pan)
  13 yaktaurs
  3 hellions
  An anaconda simulacrum (Coc:7)
  2 spectral harpies
  15 tormentors
  2 tyrant leeches
  4 trolls (Zot:3)
  8 red devils
  18 hellwings (Pan)
  A harpy skeleton (Pan)
  23 saltlings (Desolation)
  42 slime creatures
  A water elemental (Elf:2)
  20 ynoxinuls
  A spectral black mamba (Tar:2)
  An air elemental (Elf:3)
  4 fire elementals
  A dire elephant simulacrum (Coc:7)
  A fire bat (Pan)
  19 neqoxecs (Pan)
  4 golden eyes
  32 chaos spawn
  5 small abominations (Abyss:1)
  A warg (Zig:23)
  2 harpy simulacra (Coc:7)
  33 large abominations
  21 nagas
  3 swamp worms (Swamp:3)
  2 floating eyes (Pan)
  A nameless horror (Snake:1)
  A naga skeleton (Abyss:1)
  A swamp drake (Swamp:4)
  2 boggarts (Vaults:3)
  3 earth elementals
  5 crimson imps (Pan)
  A lava snake (Snake:3)
  An orc wizard (Zig:25)
  A spectral killer bee (D:6)
  An ufetubus (Abyss:1)
  5 creeping infernos
  55 fire vortices
  A lurking horror (Abyss:1)
  A pillar of salt (Desolation)
1230 creatures vanquished.

Vanquished Creatures (others)
  The ghost of Xiorchab the Archmage, a legendary VSFi of Wu Jian (Zig:24)
  3 eldritch tentacles
  2 nagarajas (Snake:4)
  A fire giant (Geh:1)
  A balrug (Geh:4)
  A demonspawn blood saint (Pan)
  A vampire knight (D:15)
  A demonspawn black sun (Pan)
  A blizzard demon (Pan)
  A deep elf death mage (Zig:24)
  A green death (Pan)
  A rakshasa (WizLab)
  A hydra (Zig:26)
  A ghost crab (Zig:24)
  An anaconda (Snake:1)
  A stoker (Geh:7)
  A dancing weapon (Elf:2)
  A swamp dragon (Zig:26)
  A death drake (Zig:26)
  A necromancer (Vaults:5)
  A harpy (Vaults:3)
  A phantasmal warrior (Zig:24)
  2 moths of wrath (Zot:3)
  3 yaktaurs (Vaults:1)
  A red devil (Pan)
  A human (D:13)
  A water elemental (Depths:3)
  A chaos spawn (Zig:20)
  A fire bat (Pan)
  A neqoxec (Pan)
  A large abomination (Pan)
  A naga (Snake:2)
  A hydra simulacrum (Coc:4)
  3 ball lightnings (Pan)
  2 bushes (Lair:2)
  3 creeping infernos
  4 demonic plants (Pan)
  1043 fire vortices
  4 foxfires (Swamp:3)
  42 fungi
  A lurking horror (Abyss:1)
  125 plants
  2 starspawn tentacles (Abyss:3)
  3 withered plants
1271 creatures vanquished.

Grand Total: 6817 creatures vanquished

Notes
Turn   | Place    | Note
-------+----------+-------------------------------------------
     0 | D:1      | choppaz the Gargoyle Earth Elementalist began the quest for
                  | the Orb.
     0 | D:1      | Reached XP level 1. HP: 10/10 MP: 3/3
   127 | D:1      | Reached XP level 2. HP: 15/15 MP: 1/5
   660 | D:1      | Reached XP level 3. HP: 19/19 MP: 5/7
   900 | D:2      | Learned a level 3 spell: Stone Arrow
  1280 | D:2      | Reached skill level 1 in Conjurations
  1545 | D:2      | Reached XP level 4. HP: 24/24 MP: 6/9
  2508 | D:3      | Found a glowing silver altar of Zin.
  2508 | D:3      | Noticed an angel
  2886 | D:4      | HP: 1/24 [orc priest/divine providence (13)]
  2888 | D:4      | Reached XP level 5. HP: 2/28 MP: 8/10
  3305 | D:4      | Reached skill level 5 in Earth Magic
  3377 | D:4      | Reached XP level 6. HP: 32/32 MP: 9/12
  3593 | D:4      | Found an ancient bone altar of Kikubaaqudgha.
  3671 | D:5      | Entered Level 5 of the Dungeon
  3674 | D:5      | Noticed a shadow
  3887 | D:5      | Noticed Grinder
  3898 | D:5      | Killed Grinder
  3899 | D:5      | Reached skill level 5 in Spellcasting
  3899 | D:5      | Reached skill level 5 in Conjurations
  3899 | D:5      | Reached XP level 7. HP: 18/37 MP: 8/14
  4001 | D:5      | Found a staircase to the Ecumenical Temple.
  4013 | D:5      | Reached skill level 1 in Fighting
  4014 | Temple   | Entered the Ecumenical Temple
  4608 | D:5      | Reached XP level 8. HP: 41/44 MP: 6/15
  4777 | D:5      | Killed a shadow
  5165 | D:5      | Noticed Blork the orc
  5173 | D:5      | Killed Blork the orc
  5344 | D:5      | Reached XP level 9. HP: 30/52 MP: 1/18
  6197 | D:6      | Noticed a gargoyle
  6446 | D:6      | Found a runed translucent gate.
  6449 | D:6      | Found a runed translucent gate.
  6450 | D:6      | Found a runed translucent gate.
  6451 | D:6      | Noticed soepkip's ghost (novice MiMo)
  6452 | D:6      | Noticed a spectral unseen horror
  6654 | D:6      | Noticed Edmund
  6668 | D:6      | Reached skill level 1 in Armour
  6831 | D:6      | Killed a gargoyle
  7318 | D:6      | Found a shadowy altar of Dithmenos.
  7323 | D:6      | Found a hide-covered altar of Uskayaw.
  7324 | D:6      | Found a radiant altar of Vehumet.
  7325 | D:6      | Found a bloodstained altar of Trog.
  7330 | D:6      | Reached skill level 10 in Earth Magic
  7330 | D:6      | Reached skill level 1 in Shields
  7330 | D:6      | Found a glowing golden altar of the Shining One.
  7333 | D:6      | Became a worshipper of Vehumet
  7530 | D:6      | Reached skill level 1 in Throwing
  7577 | D:6      | Found a hazy altar of Hepliaklqana.
  8022 | D:7      | Noticed a two-headed ogre
  8123 | D:7      | Killed a two-headed ogre
  8124 | D:7      | Reached XP level 10. HP: 56/56 MP: 12/21
  9440 | D:8      | Reached * piety under Vehumet
  9440 | D:8      | Offered knowledge of Kiss of Death by Vehumet.
  9446 | D:8      | Learned a level 4 spell: Sticky Flame
  9618 | D:8      | Noticed Maurice
  9805 | D:8      | Reached skill level 1 in Fire Magic
 10786 | D:9      | Identified the ring "Wureisk" {Str+6 Int+2}
 10888 | D:9      | Found a sacrificial altar of Ru.
 10901 | D:9      | Found a broken altar of Ashenzari.
 11246 | D:9      | Found a transporter.
 11304 | D:9      | Found a transporter.
 11442 | D:9      | Found a transporter.
 11517 | D:9      | Found a transporter.
 11568 | D:10     | Entered Level 10 of the Dungeon
 11737 | D:10     | Noticed a deep elf pyromancer
 11739 | D:10     | Found an iron altar of Okawaru.
 11741 | D:10     | Killed a deep elf pyromancer
 11741 | D:10     | Offered knowledge of Magic Dart by Vehumet.
 11742 | D:10     | Reached XP level 11. HP: 55/61 MP: 17/23
 11820 | D:10     | Reached ** piety under Vehumet
 11935 | D:10     | Reached skill level 5 in Fire Magic
 11938 | D:10     | Reached skill level 10 in Conjurations
 12795 | D:10     | Noticed a centaur warrior
 12796 | D:10     | Noticed a centaur warrior
 12798 | D:10     | Found a sparkling altar of Nemelex Xobeh.
 12840 | D:10     | Found an ornate altar of the Wu Jian Council.
 12856 | D:10     | Noticed Urug
 12865 | D:10     | Killed Urug
 13250 | D:9      | Offered knowledge of Frozen Ramparts by Vehumet.
 13353 | D:9      | Learned a level 5 spell: Lee's Rapid Deconstruction
 13570 | D:10     | Noticed a cyclops
 13586 | D:10     | Killed a cyclops
 13587 | D:10     | Reached skill level 10 in Fire Magic
 13777 | D:10     | Killed a centaur warrior
 13778 | D:10     | Reached XP level 12. HP: 44/66 MP: 13/24
 14138 | D:10     | Killed a centaur warrior
 14378 | D:10     | Reached *** piety under Vehumet
 15200 | D:8      | Killed Maurice
 15417 | D:11     | Reached skill level 10 in Spellcasting
 15537 | D:11     | Noticed Grum
 15540 | D:11     | Killed Grum
 15855 | D:11     | Noticed Harold
 15863 | D:11     | Killed Harold
 15947 | D:11     | Offered knowledge of Inner Flame by Vehumet.
 15969 | D:11     | Learned a level 3 spell: Inner Flame
 16647 | D:11     | Found a staircase to the Lair.
 16722 | Lair:1   | Entered Level 1 of the Lair of Beasts
 17028 | Lair:1   | Noticed a boulder beetle
 17035 | Lair:1   | Killed a boulder beetle
 17049 | Lair:1   | Reached **** piety under Vehumet
 17302 | Lair:1   | Reached XP level 13. HP: 55/70 MP: 4/27
 17467 | Lair:1   | Offered knowledge of Fireball by Vehumet.
 17477 | Lair:1   | Learned a level 5 spell: Fireball
 18266 | Lair:2   | Noticed Fannar
 18270 | Lair:2   | Killed Fannar
 18412 | Lair:2   | Found a frozen archway.
 18530 | IceCv    | Entered an ice cave
 18993 | IceCv    | Reached ***** piety under Vehumet
 18993 | IceCv    | Offered knowledge of Irradiate by Vehumet.
 19000 | IceCv    | Learned a level 5 spell: Irradiate
 20552 | Lair:2   | Found a staircase to the Snake Pit.
 21262 | Lair:2   | Gained mutation: Your large and strong wings let you fly.
                  | [Gargoyle growth]
 21262 | Lair:2   | Reached XP level 14. HP: 76/76 MP: 19/29
 21274 | Lair:2   | Offered knowledge of Yara's Violent Unravelling by Vehumet.
 22323 | Lair:3   | Found a staircase to the Swamp.
 23512 | Lair:4   | Reached skill level 15 in Conjurations
 23633 | Lair:4   | Found a staircase to the Slime Pits.
 23671 | Lair:4   | Found a viscous altar of Jiyva.
 24013 | Lair:5   | Entered Level 5 of the Lair of Beasts
 24013 | Lair:5   | Noticed Snorg
 24022 | Lair:4   | Killed Snorg
 24347 | Lair:4   | Found a viscous altar of Jiyva.
 24720 | Lair:4   | Found a viscous altar of Jiyva.
 24723 | Lair:4   | Found a staircase to the Slime Pits.
 25561 | Lair:4   | Offered knowledge of Freezing Cloud by Vehumet.
 25761 | Lair:4   | Reached XP level 15. HP: 54/80 MP: 24/31
 26637 | Lair:5   | Identified the +8 hand axe "Doij" {heavy, Int+4 Dex-3}
 26651 | Lair:5   | Identified the +5 chain mail "Not Vid" {rF+ rCorr}
 27732 | D:12     | Reached skill level 15 in Fire Magic
 28414 | D:12     | Found a staircase to the Orcish Mines.
 28450 | D:12     | Offered knowledge of Orb of Destruction by Vehumet.
 28459 | D:12     | Learned a level 7 spell: Orb of Destruction
 29123 | Orc:1    | Entered Level 1 of the Orcish Mines
 29288 | Orc:2    | Entered Level 2 of the Orcish Mines
 29288 | Orc:2    | Found a staircase to the Elven Halls.
 29288 | Orc:2    | Found Urchaic's Weapon Shoppe.
 29611 | Orc:1    | Paralysed by an ogre mage for 4 turns
 29723 | Orc:2    | Reached ****** piety under Vehumet
 30030 | Orc:2    | Offered knowledge of Starburst by Vehumet.
 30429 | Orc:2    | Found Neavat's Antique Armour Emporium.
 30434 | Orc:2    | Found Gid Baki's Assorted Antiques.
 30435 | Orc:2    | Found Myumew's Magic Scroll Boutique.
 30436 | Orc:2    | Found Qoifiruym's Assorted Antiques.
 30443 | Orc:2    | Bought a scroll labelled SITAEF XUERUTUXAD for 23 gold
                  | pieces
 30453 | Orc:2    | Bought a bubbling puce potion for 18 gold pieces
 30458 | Orc:2    | Bought a scroll of blinking for 75 gold pieces
 30484 | Orc:2    | Noticed NoOffense's ghost (journeyman TrMo)
 30524 | Orc:2    | Found a bloodstained altar of Trog.
 30531 | Orc:2    | Found a transporter.
 30538 | Orc:2    | Found a transporter.
 30566 | Orc:2    | Found Ziro's General Store.
 30863 | Orc:2    | Learned a level 6 spell: Starburst
 30909 | Orc:2    | Bought a potion of experience for 750 gold pieces
 30909 | Orc:2    | Bought a book of Power for 630 gold pieces
 30910 | Orc:2    | Reached XP level 16. HP: 93/93 MP: 32/32
 30961 | Orc:2    | Bought an embroidered cloak for 172 gold pieces
 31049 | Orc:1    | Found Pom Bohe's Antique Weapon Shop.
 32100 | D:13     | Noticed Kirke
 32108 | D:13     | Killed Kirke
 32274 | D:13     | Reached skill level 1 in Summonings
 32274 | D:13     | Reached XP level 17. HP: 97/97 MP: 19/34
 32596 | D:13     | Found a gate to the Vaults.
 33656 | D:14     | Identified the +4 falchion "Rudezosuu" {flame, Str+4}
 34068 | D:15     | Entered Level 15 of the Dungeon
 34068 | D:15     | Noticed Nessos
 34074 | D:15     | Killed Nessos
 34225 | D:15     | Found a gate leading to a gauntlet.
 34241 | Gauntlet | Entered a Gauntlet
 34241 | Gauntlet | Found a transporter.
 34251 | Gauntlet | Found a transporter.
 34266 | Gauntlet | Found a transporter.
 34271 | Gauntlet | Found a transporter.
 34288 | Gauntlet | Found a transporter.
 34307 | Gauntlet | Found a transporter.
 34319 | Gauntlet | Found a transporter.
 34325 | Gauntlet | Found a transporter.
 34340 | Gauntlet | Found a transporter.
 34348 | Gauntlet | Found a large runed translucent door.
 34349 | Gauntlet | Found a large runed translucent door.
 34350 | Gauntlet | Found a large runed translucent door.
 34350 | Gauntlet | Found a large runed translucent door.
 34351 | Gauntlet | Found a runed translucent gate.
 34352 | Gauntlet | Found a transporter.
 34352 | Gauntlet | Found a runed translucent gate.
 34353 | Gauntlet | Found a runed translucent gate.
 34354 | Gauntlet | Found a large runed translucent door.
 34354 | Gauntlet | Found a large runed translucent door.
 34355 | Gauntlet | Found a large runed translucent door.
 34356 | Gauntlet | Found a large runed translucent door.
 34364 | Gauntlet | Found a transporter.
 34381 | Gauntlet | Found a transporter.
 34395 | Gauntlet | Found a large runed translucent door.
 34396 | Gauntlet | Found a large runed translucent door.
 34397 | Gauntlet | Found a large runed translucent door.
 34397 | Gauntlet | Found a large runed translucent door.
 34398 | Gauntlet | Found a runed translucent door.
 34399 | Gauntlet | Found a transporter.
 34400 | Gauntlet | Found a runed translucent door.
 34401 | Gauntlet | Found a large runed translucent door.
 34401 | Gauntlet | Found a transporter.
 34401 | Gauntlet | Found a large runed translucent door.
 34402 | Gauntlet | Found a large runed translucent door.
 34428 | Gauntlet | Found a transporter.
 34428 | Gauntlet | Found a transporter.
 34448 | Gauntlet | Found a transporter.
 34538 | Gauntlet | Found a transporter.
 34554 | Gauntlet | Found a large runed translucent door.
 34799 | Gauntlet | Identified the amulet "Juraw" {Faith rElec Will+++ MP-9
                  | Stlth+}
 34818 | Gauntlet | Identified the +5 battleaxe of Ucuirane {heavy, *Noise
                  | rCorr Str+2 Int+2}
 34826 | Gauntlet | Offered knowledge of Eringya's Noxious Bog by Vehumet.
 34885 | Gauntlet | Got Joewaly's Encyclopedia of Composition
 35005 | Orc:2    | Bought a curved wooden wand for 84 gold pieces
 35005 | Orc:2    | Bought a scroll of identify for 42 gold pieces
 35009 | Orc:2    | Bought a potion of brilliance for 84 gold pieces
 35014 | Orc:2    | Bought a scroll of teleportation for 30 gold pieces
 35014 | Orc:2    | Bought a scroll of fear for 40 gold pieces
 35014 | Orc:2    | Bought a scroll of fear for 40 gold pieces
 35014 | Orc:2    | Bought a scroll of immolation for 40 gold pieces
 35014 | Orc:2    | Bought a scroll of teleportation for 30 gold pieces
 35014 | Orc:2    | Bought a scroll of identify for 20 gold pieces
 35014 | Orc:2    | Bought a scroll of identify for 20 gold pieces
 35014 | Orc:2    | Identified 2 scrolls of acquirement
 35019 | Orc:2    | Acquired a book of Dangerous Friends
 35234 | D:15     | Noticed Josephine
 35238 | D:15     | Killed Josephine
 35239 | D:15     | Reached skill level 5 in Summonings
 35804 | D:15     | Noticed Jorgrun
 35814 | D:15     | Killed Jorgrun
 35898 | D:15     | Identified the +1 robe of the Wheelwright {Will+}
 36325 | D:15     | Found a staircase to the Depths.
 36680 | Swamp:1  | Entered Level 1 of the Swamp
 37527 | Swamp:1  | Found a runed translucent door.
 37531 | Swamp:1  | Noticed svtm's ghost (journeyman MiFi)
 38047 | Swamp:1  | Killed svtm's ghost
 38844 | Swamp:2  | Got the Cyclopedia of Luminous Astrapomancy
 39258 | Swamp:2  | Reached skill level 15 in Spellcasting
 39773 | Swamp:3  | Reached XP level 18. HP: 87/103 MP: 37/37
 39784 | Swamp:3  | Reached skill level 5 in Dodging
 40103 | Swamp:3  | Offered knowledge of Maxwell's Capacitive Coupling by
                  | Vehumet.
 40137 | Swamp:3  | Learned a level 7 spell: Spellforged Servitor
 40696 | Swamp:4  | Entered Level 4 of the Swamp
 41858 | Swamp:4  | Noticed the 27-headed Lernaean hydra
 41859 | Swamp:4  | Killed the 27-headed Lernaean hydra
 42679 | Swamp:4  | Found a runed translucent door.
 42929 | Swamp:4  | Got a decaying rune of Zot
 43132 | Slime:1  | Entered Level 1 of the Pits of Slime
 43201 | Lair:4   | Learned a level 6 spell: Iron Shot
 43253 | Snake:1  | Entered Level 1 of the Snake Pit
 43465 | Snake:1  | Identified the +9 sling of Vengeance {flame, rPois Str+3}
 43658 | Snake:1  | You are sucked into a shaft and drop 1 floor!
 44078 | Snake:1  | Found Haerri's Antique Armour Shop.
 44216 | Snake:1  | Offered knowledge of Lehudib's Crystal Spear by Vehumet.
 44216 | Snake:1  | Offered knowledge of Fire Storm by Vehumet.
 44216 | Snake:1  | Offered knowledge of Chain Lightning by Vehumet.
 44644 | Snake:1  | Found Nokatue's Jewellery Shop.
 44644 | Snake:1  | Found Bieschoo's Book Shoppe.
 44645 | Snake:1  | Found Roolorar's Book Shoppe.
 44653 | Snake:1  | Bought an amulet of magic regeneration for 420 gold pieces
 45116 | Snake:2  | Reached skill level 10 in Dodging
 45362 | Snake:2  | Reached XP level 19. HP: 107/107 MP: 35/39
 46154 | Snake:3  | Noticed Vashnia
 46722 | Snake:3  | Killed Vashnia
 47350 | Snake:3  | Identified the +5 dagger "Murmur" {pain, Int+3}
 47909 | Snake:4  | Entered Level 4 of the Snake Pit
 47959 | Snake:4  | Found Mitiurgh's CLEARANCE SALE!.
 48298 | Snake:4  | Identified the +2 scale mail of Monotheism {rN+}
 49016 | Snake:4  | Got a serpentine rune of Zot
 49704 | Vaults:1 | Entered Level 1 of the Vaults
 49833 | Vaults:1 | Found a magical portal.
 49847 | WizLab   | Entered Tukima's Studio
 49964 | WizLab   | Reached XP level 20. HP: 68/112 MP: 40/40
 50091 | WizLab   | Noticed choppaz's illusion
 50199 | WizLab   | Identified the +7 triple crossbow of Gravity {speed, Int+2}
 51434 | Vaults:1 | Identified the +0 scale mail of the Nine Mouths {rF++
                  | Dex-5}
 52313 | Vaults:1 | Acquired 839 gold pieces
 52412 | Vaults:2 | Found a flickering gateway to a bazaar.
 52427 | Bazaar   | Entered a bazaar
 52444 | Bazaar   | Found Ysoon's Jewellery Boutique.
 52466 | Bazaar   | Found Miorgh's Antique Armour Emporium.
 52487 | Bazaar   | Found Founn's Book Boutique.
 52507 | Bazaar   | Found Sesoloit's Antique Weapon Shoppe.
 52534 | Bazaar   | Bought the ring of the Mage {Wiz Archmagi} for 459 gold
                  | pieces
 52534 | Bazaar   | Found the ring of the Mage {Wiz Archmagi}
 52534 | Bazaar   | Bought the amulet "Uluhan Cam" {+Blink Regen+ Int+3} for
                  | 452 gold pieces
 52582 | Bazaar   | Bought an ichor-stained dagger for 210 gold pieces
 52582 | Bazaar   | Identified the +7 dagger of Slimy Indomitability {drain,
                  | rPois Int+4} (You bought it in a shop in a bazaar)
 54484 | Vaults:3 | Reached XP level 21. HP: 35/117 MP: 32/41
 54768 | Vaults:1 | Learned a level 9 spell: Fire Storm
 55598 | Vaults:3 | Reached skill level 5 in Shields
 55604 | Vaults:3 | Reached skill level 5 in Armour
 55752 | Vaults:3 | Noticed Mara
 55753 | Vaults:3 | Noticed choppaz's illusion
 55757 | Vaults:3 | Killed Mara
 55909 | Vaults:3 | Found a staircase to the Crypt.
 56025 | Vaults:3 | Noticed Asterion
 56027 | Vaults:3 | Killed Asterion
 56708 | Vaults:3 | Noticed Boris
 56712 | Vaults:3 | Killed Boris
 57493 | Vaults:4 | Found a crumbling gateway.
 57503 | Desolati | Entered the Desolation of Salt
 57530 | Desolati | Identified the +0 plate armour of the Iron City of Dis {rC+
                  | rN+}
 57546 | Desolati | Reached XP level 22. HP: 62/127 MP: 22/42
 57664 | Desolati | Identified the ring "Ticunaba" {Int+6 Slay+2}
 57691 | Desolati | Identified the +8 whip of Foba {elec, rC+ Str-5 Dex+4 SInv}
 57800 | Desolati | Reached skill level 10 in Fighting
 57820 | Desolati | Identified the ring of Kuime {+Blink Int+6 Dex+2}
 57832 | Desolati | Acquired 897 gold pieces
 58419 | Desolati | Identified the +1 hand axe "Leb Xyog" {heavy, rElec rC+
                  | Will+++ Dex-4}
 58420 | Desolati | Identified the +8 mace of the Onslaught {venom, Dex+6}
 58426 | Desolati | Got Ruumm's Monograph on Conjured Exhumation
 59917 | Elf:1    | Entered Level 1 of the Elven Halls
 60649 | Elf:1    | Found the +5 Force Lance {heavy, knockback}
 60662 | Elf:1    | Identified the ring of Dim Light {Ice Str+4 Stlth-} (You
                  | took it off a deep elf zephyrmancer on level 1 of the Elven
                  | Halls)
 61084 | Elf:2    | Identified the amulet of Midsummer {RegenMP rElec rC+ rN++
                  | Int-5}
 61090 | Elf:2    | Noticed Reazxylo's ghost (adept MiBe)
 61205 | Elf:2    | Found a transporter.
 61244 | Elf:2    | Found a runed translucent gate.
 61508 | Elf:2    | Found a transporter.
 61682 | Elf:2    | Found Jociuwk's Weapon Emporium.
 61755 | Elf:2    | Found a runed translucent gate.
 61755 | Elf:2    | Found a runed translucent gate.
 62000 | Elf:2    | Reached XP level 23. HP: 135/135 MP: 11/44
 62584 | Elf:3    | Entered Level 3 of the Elven Halls
 62628 | Elf:2    | Found an ancient bone altar of Kikubaaqudgha.
 62691 | Elf:3    | Found Sumapp's Armour Shoppe.
 62931 | Elf:3    | Identified the +4 flail "Geneud" {flame, Int+3}
 62960 | Elf:3    | Paralysed by an air elemental for 1 turns
 63344 | Elf:3    | Identified the +4 hand axe "Jeet" {venom, Fly Int+4}
 63435 | Elf:3    | Reached skill level 10 in Shields
 63473 | Elf:3    | Identified the +3 war axe "Kufoneji" {drain, Drain Str+9}
 63475 | Elf:3    | Reached skill level 10 in Armour
 63478 | Elf:3    | Identified the +0 ring mail of Ozuu {rF+ rCorr Dex+4}
 63805 | Elf:3    | Identified the staff of poison "Boheif" {rPois Will+}
 64051 | Elf:3    | Noticed Zenata
 64054 | Elf:3    | Killed Zenata
 64539 | Vaults:5 | Entered Level 5 of the Vaults
 64544 | Vaults:5 | Noticed a golden dragon
 64551 | Vaults:5 | Killed a golden dragon
 64683 | Vaults:5 | Noticed an ancient lich
 64687 | Vaults:5 | Killed an ancient lich
 64701 | Vaults:5 | Identified the ring "Xyuqugyt" {rElec rF+}
 64760 | Vaults:5 | Reached XP level 24. HP: 138/142 MP: 44/44
 64784 | Vaults:5 | Identified the ring "Asirch" {+Blink rPois rF+ Dex+4}
 64844 | Vaults:5 | Noticed an ancient lich
 64849 | Vaults:5 | Killed an ancient lich
 64989 | Vaults:5 | Identified the +8 falchion of Incongruity {flame, rCorr}
 64990 | Vaults:5 | Identified the +2 ring mail "Leanef" {rPois rC+ Str+4 Int+3
                  | Slay+2}
 65003 | Vaults:5 | Identified the +10 spear of Qetiomom {flame, Str+3 Int+6}
                  | (You took it off a necromancer on level 5 of the Vaults)
 65039 | Vaults:5 | Noticed a juggernaut
 65041 | Vaults:5 | Killed a juggernaut
 65078 | Vaults:5 | Found the +1 robe of Vines {NoPotionHeal Regen++++}
 65179 | Vaults:5 | Identified the +2 rapier of Capital Punishment {antimagic,
                  | *Slow rCorr Int+5 SInv}
 65258 | Vaults:5 | Identified the +0 robe of Ocuoc {rElec rN+ Stlth- Archmagi}
                  | (You took it off a yaktaur on level 5 of the Vaults)
 65431 | Vaults:5 | Identified the +1 ring mail of Qikhlixoluw {Fly Regen+
                  | Int+2}
 65565 | Vaults:5 | Got the Compendium of the Curse
 65578 | Vaults:5 | Identified the +0 ring mail of the Maze {*Corrode Will++
                  | SInv}
 65809 | Vaults:5 | Got a silver rune of Zot
 66155 | Vaults:5 | Upgraded the game from 0.30-a0-1070-gd49b78fada to
                  | 0.30-a0-1074-g5db6f66fbb
 66442 | Depths:1 | Entered Level 1 of the Depths
 66457 | Depths:1 | Noticed the Enchantress
 66608 | Depths:1 | Killed the Enchantress
 67091 | Depths:1 | Found a hide-covered altar of Uskayaw.
 67115 | Depths:1 | Noticed Aizul
 67117 | Depths:1 | Killed Aizul
 67154 | Depths:1 | Reached skill level 15 in Dodging
 67415 | Depths:1 | Reached XP level 25. HP: 147/147 MP: 45/45
 67436 | Depths:1 | Learned a level 8 spell: Lehudib's Crystal Spear
 67576 | Depths:1 | Found a shimmering blue altar of Sif Muna.
 67750 | Depths:1 | Found a gateway to Hell.
 68626 | Depths:2 | Noticed a juggernaut
 68630 | Depths:2 | Killed a juggernaut
 68752 | Depths:2 | Found Abri's Antique Armour Shoppe.
 68758 | Depths:2 | Bought the +2 shield of Resistance {rF++ rC++ Will++} for
                  | 2467 gold pieces
 68758 | Depths:2 | Found the +2 shield of Resistance {rF++ rC++ Will++}
 69142 | Depths:2 | Found a one-way gate leading to the halls of Pandemonium.
 69350 | Depths:3 | Noticed an ancient lich
 69351 | Depths:3 | Found a one-way gateway to a ziggurat.
 69351 | Depths:3 | Noticed an ancient lich
 69354 | Depths:3 | Killed an ancient lich
 69354 | Depths:3 | Killed an ancient lich
 69902 | Depths:3 | Found a one-way gate to the infinite horrors of the Abyss.
 70427 | Depths:4 | Entered Level 4 of the Depths
 70461 | Depths:4 | Found a basalt altar of Yredelemnul.
 70482 | Depths:4 | Found a transporter.
 70484 | Depths:4 | Noticed Jebabuaf's ghost (veteran DjFE)
 70605 | Depths:4 | Noticed an ancient lich
 70610 | Depths:4 | Noticed an ancient lich
 70616 | Depths:4 | Noticed Boris
 70618 | Depths:4 | Killed Boris
 70770 | Depths:4 | Identified the amulet "Azizoc" {rN+ Regen+ Str+3 Dex+3
                  | Stlth+}
 70783 | Depths:4 | Reached XP level 26. HP: 158/158 MP: 35/46
 70923 | Depths:4 | Found a broken altar of Ashenzari.
 70945 | Depths:4 | Identified the +8 sling of Peace {heavy, Will+ Dex+6}
 71472 | Depths:4 | Found a gate to the Realm of Zot.
 71515 | Depths:4 | Acquired a book of Annihilations
 71559 | Zot:1    | Entered Level 1 of the Realm of Zot
 72468 | Zot:1    | Identified the +2 sling of the Hurting Gods {speed, rC+}
 73450 | Zot:2    | Reached skill level 15 in Fighting
 74266 | Zot:2    | Found a runed translucent door.
 74270 | Zot:2    | Noticed Kourobo's ghost (master MiFi)
 75295 | Zot:3    | Reached skill level 15 in Earth Magic
 76165 | Zot:3    | Reached XP level 27. HP: 162/168 MP: 47/47
 76764 | Zot:4    | Learned a level 9 spell: Shatter
 77336 | Zot:4    | Noticed Vv
 77346 | Zot:4    | Killed Vv
 77589 | Zot:5    | Entered Level 5 of the Realm of Zot
 78489 | Zot:5    | Noticed an orb of fire
 78492 | Zot:5    | Noticed a dread lich
 78494 | Zot:5    | Killed a dread lich
 78494 | Zot:5    | Noticed an orb of fire
 78494 | Zot:5    | Noticed an orb of fire
 78495 | Zot:5    | Noticed an ancient lich
 78498 | Zot:5    | Killed an orb of fire
 78498 | Zot:5    | Noticed an orb of fire
 78499 | Zot:5    | Killed an orb of fire
 78499 | Zot:5    | Killed an ancient lich
 78501 | Zot:5    | Killed an orb of fire
 78502 | Zot:5    | Killed an orb of fire
 78506 | Zot:5    | Identified the +0 cloak of Qojuoc {Dex+5 Stlth-}
 78509 | Zot:5    | Noticed an ancient lich
 78512 | Zot:5    | Killed an ancient lich
 78514 | Zot:5    | Noticed an ancient lich
 78515 | Zot:5    | Killed an ancient lich
 79948 | Crypt:1  | Entered Level 1 of the Crypt
 80299 | Crypt:1  | Reached skill level 1 in Evocations
 82200 | Crypt:2  | Noticed Boris
 82270 | Crypt:2  | Killed Boris
 83530 | Crypt:3  | Entered Level 3 of the Crypt
 84751 | Crypt:3  | Identified the ring "Usasy" {rF- Will+++ rCorr MP+9 Int-4}
 85328 | Crypt:3  | Found a staircase to the Tomb.
 85591 | Crypt:3  | Found a basalt altar of Yredelemnul.
 85595 | Crypt:3  | Found an ancient bone altar of Kikubaaqudgha.
 86211 | Slime:1  | Reached skill level 5 in Evocations
 86559 | Slime:2  | You are sucked into a shaft and drop 1 floor!
 86563 | Slime:3  | Noticed Dissolution
 86567 | Slime:3  | Killed Dissolution
 88156 | Slime:5  | Entered Level 5 of the Pits of Slime
 88275 | Slime:5  | Noticed the Royal Jelly
 88275 | Slime:5  | Gained mutation: Your body sometimes deteriorates upon
                  | taking damage. [a shining eye]
 88279 | Slime:5  | Killed the Royal Jelly
 88679 | Slime:5  | Found the +3 pair of seven-league boots {Rampage+∞}
 88691 | Slime:5  | Identified the +7 falchion "Hucuoxuf" {freeze, Int+3}
 88693 | Slime:5  | Identified the +2 pair of gloves of Dawn {Will- Regen+
                  | Str+4 Dex+5}
 88714 | Slime:5  | Identified the ring of the Empire {rC+ AC+4 Str+2 Int+3}
 88730 | Slime:5  | Identified the staff of air "Hehy" {rElec Int+2}
 88753 | Slime:5  | Identified the ring "Jaekk" {rC++ AC+4}
 88756 | Slime:5  | Got a slimy rune of Zot
 88779 | Slime:5  | Got the Compendium of Movement and Orogeny
 89775 | Tomb:1   | Entered Level 1 of the Tomb of the Ancients
 89822 | Tomb:1   | Noticed a royal mummy
 89825 | Tomb:1   | Killed a royal mummy
 89831 | Tomb:1   | Noticed a royal mummy
 89833 | Tomb:1   | Noticed Khufu
 89834 | Tomb:1   | Killed a royal mummy
 89907 | Tomb:1   | Killed Khufu
 90178 | Tomb:1   | Noticed a royal mummy
 90178 | Tomb:1   | Noticed a royal mummy
 90181 | Tomb:1   | Killed a royal mummy
 90181 | Tomb:1   | Killed a royal mummy
 90181 | Tomb:1   | Noticed a royal mummy
 90187 | Tomb:1   | Killed a royal mummy
 90284 | Tomb:1   | Noticed a royal mummy
 90286 | Tomb:1   | Killed a royal mummy
 90337 | Tomb:1   | Noticed a royal mummy
 90341 | Tomb:1   | Killed a royal mummy
 90564 | Tomb:1   | Noticed a royal mummy
 90568 | Tomb:1   | Killed a royal mummy
 91269 | Tomb:1   | Noticed a royal mummy
 91272 | Tomb:1   | Killed a royal mummy
 91574 | Tomb:1   | Noticed a royal mummy
 91578 | Tomb:1   | Killed a royal mummy
 92040 | Tomb:1   | Noticed a royal mummy
 92044 | Tomb:1   | Killed a royal mummy
 92058 | Tomb:1   | Noticed a royal mummy
 92062 | Tomb:1   | Killed a royal mummy
 92184 | Tomb:1   | Noticed a royal mummy
 92188 | Tomb:1   | Killed a royal mummy
 92217 | Tomb:1   | Noticed a royal mummy
 92220 | Tomb:1   | Killed a royal mummy
 93044 | Tomb:2   | Noticed a royal mummy
 93050 | Tomb:2   | Noticed a royal mummy
 93052 | Tomb:2   | Killed a royal mummy
 93053 | Tomb:2   | Killed a royal mummy
 93059 | Tomb:2   | Noticed a royal mummy
 93059 | Tomb:2   | Noticed a royal mummy
 93062 | Tomb:2   | Killed a royal mummy
 93062 | Tomb:2   | Killed a royal mummy
 93156 | Tomb:2   | Reached skill level 10 in Necromancy
 93678 | Tomb:2   | Identified the orb "Fugh" {*Rage, rF+ SInv}
 94037 | Tomb:3   | Entered Level 3 of the Tomb of the Ancients
 94054 | Tomb:3   | Noticed a royal mummy
 94055 | Tomb:3   | Killed a royal mummy
 94055 | Tomb:3   | Noticed a royal mummy
 94057 | Tomb:3   | Killed a royal mummy
 94061 | Tomb:3   | Reached skill level 10 in Evocations
 94066 | Tomb:3   | Noticed a royal mummy
 94069 | Tomb:3   | Killed a royal mummy
 94070 | Tomb:3   | Noticed a royal mummy
 94073 | Tomb:3   | Killed a royal mummy
 94076 | Tomb:3   | Noticed a royal mummy
 94078 | Tomb:3   | Killed a royal mummy
 94093 | Tomb:3   | Noticed a royal mummy
 94098 | Tomb:3   | Killed a royal mummy
 94106 | Tomb:3   | Noticed a royal mummy
 94106 | Tomb:3   | Noticed a royal mummy
 94108 | Tomb:3   | Killed a royal mummy
 94109 | Tomb:3   | Killed a royal mummy
 94112 | Tomb:3   | Noticed Mennas
 94437 | Tomb:3   | Killed Mennas
 94458 | Tomb:3   | Noticed a royal mummy
 94461 | Tomb:3   | Killed a royal mummy
 94706 | Tomb:3   | Found the +1 cloak of Starlight {*Dazzle EV+4 Stlth--}
 94731 | Tomb:3   | Identified the +3 ring mail of the Final Lives {+Inv rF-
                  | Will+ Dex+2}
 94966 | Tomb:3   | Identified the amulet "Suot" {Faith Rampage rPois MP+9}
 95120 | Tomb:3   | Got a golden rune of Zot
 95638 | Zot:2    | Killed Kourobo's ghost
 95710 | Depths:4 | Found a transporter.
 95711 | Depths:4 | Killed an ancient lich
 95716 | Depths:4 | Killed an ancient lich
 95803 | Zot:1    | Killed Jebabuaf's ghost
 96565 | D:6      | Killed soepkip's ghost
 96766 | D:6      | Killed Edmund
 96930 | D:6      | Found a shadowy altar of Dithmenos.
 96935 | D:6      | Found a hide-covered altar of Uskayaw.
 96936 | D:6      | Found a radiant altar of Vehumet.
 96937 | D:6      | Found a bloodstained altar of Trog.
 96940 | D:6      | Found a glowing golden altar of the Shining One.
 97063 | D:6      | Found a hazy altar of Hepliaklqana.
 97627 | Orc:2    | Killed NoOffense's ghost
 97677 | Orc:2    | Identified the +1 ring mail "Cewnint" {rC- rCorr SInv}
 97739 | Orc:2    | Bought a fading ring mail for 207 gold pieces
 97739 | Orc:2    | Identified the +4 ring mail of Leapfrog {rC+ Str+4} (You
                  | bought it in a shop on level 2 of the Orcish Mines)
 97746 | Orc:2    | Bought a smelly scale mail for 315 gold pieces
 97746 | Orc:2    | Identified the +6 scale mail "Irphomaasa" {Int+4} (You
                  | bought it in a shop on level 2 of the Orcish Mines)
 97835 | Elf:3    | Bought the +2 pair of boots of Spring Thaw {Str+3} for 389
                  | gold pieces
 97837 | Elf:3    | Bought a +1 pair of gloves of strength for 231 gold pieces
 98016 | Elf:3    | Killed Reazxylo's ghost
 98791 | Depths:4 | Voluntarily entered the Abyss.
 98851 | Abyss:1  | Found a corrupted altar of Lugonu.
 99094 | Abyss:1  | Found a corrupted altar of Lugonu.
 99333 | Depths:4 | Escaped the Abyss
 99337 | Depths:4 | Voluntarily entered the Abyss.
 99372 | Abyss:3  | Found a corrupted altar of Lugonu.
 99415 | Abyss:3  | Found a corrupted altar of Lugonu.
 99458 | Abyss:3  | Reached skill level 15 in Necromancy
 99481 | Abyss:3  | Noticed an ancient lich
 99486 | Abyss:3  | Killed an ancient lich
 99489 | Abyss:3  | Got an abyssal rune of Zot
 99507 | Depths:4 | Escaped the Abyss
 99632 | Hell     | Entered the Vestibule of Hell
 99632 | Hell     | Noticed Geryon
 99645 | Hell     | Killed Geryon
 99764 | Hell     | Found a gateway to the Iron City of Dis.
 99821 | Hell     | Found a gateway to the freezing wastes of Cocytus.
 99925 | Hell     | Found a gateway to the decaying netherworld of Tartarus.
 99988 | Hell     | Found a gateway to the ashen valley of Gehenna.
100099 | Hell     | Learned a level 9 spell: Death's Door
101857 | Zig:1    | Entered Level 1 of a ziggurat
101974 | Zig:2    | Entered Level 2 of a ziggurat
101985 | Zig:2    | Identified the +3 morningstar of Feejost {flame, rElec rC+
                  | Int+3}
101993 | Zig:3    | Entered Level 3 of a ziggurat
102039 | Zig:3    | Identified the staff of conjuration "Dynk" {Int+3}
102054 | Zig:4    | Entered Level 4 of a ziggurat
102157 | Zig:5    | Entered Level 5 of a ziggurat
102162 | Zig:5    | Noticed a dread lich
102163 | Zig:5    | Noticed a dread lich
102164 | Zig:5    | Killed a dread lich
102166 | Zig:5    | Killed a dread lich
102203 | Zig:5    | Identified the ring "Idwagg" {Fly Int+2}
102215 | Zig:6    | Entered Level 6 of a ziggurat
102242 | Zig:6    | Identified the staff of earth "Meff" {rF+++ Str-3 Dex-5
                  | SInv}
102251 | Zig:6    | Identified the ring "Cuenuzy" {rPois rCorr AC+4 Str+2
                  | Int+2}
102264 | Zig:7    | Entered Level 7 of a ziggurat
102270 | Zig:7    | Reached skill level 15 in Shields
102291 | Zig:7    | Identified the +8 dagger "Isteuq" {venom, SInv Stlth+}
102297 | Zig:7    | Identified the staff of death "Hewe" {rC+ rN+ rCorr Str+2
                  | Dex-4}
102303 | Zig:8    | Entered Level 8 of a ziggurat
102366 | Zig:8    | Identified the staff of fire "Xuer" {rElec rF+ rC+ rN+
                  | Dex-5}
102380 | Zig:9    | Entered Level 9 of a ziggurat
102670 | Zig:9    | Identified the +5 short sword "Duleat" {heavy, +Blink rElec
                  | rF+}
102703 | Zig:10   | Entered Level 10 of a ziggurat
102712 | Zig:10   | Noticed a juggernaut
102712 | Zig:10   | Noticed a juggernaut
102713 | Zig:10   | Noticed a juggernaut
102714 | Zig:10   | Killed a juggernaut
102716 | Zig:10   | Killed a juggernaut
102716 | Zig:10   | Killed a juggernaut
102729 | Zig:10   | Identified the staff of death "Zet Kuod" {rN+ Will+ Str+2
                  | Int+3 Dex-5}
102734 | Zig:10   | Identified the ring of Dairhoc {rPois rN+ rCorr Int-5
                  | Slay+2}
102742 | Zig:10   | Got Sif Muna's Encyclopedia of the Shivering Fair Folk
102759 | Zig:11   | Entered Level 11 of a ziggurat
102775 | Zig:11   | Paralysed by a floating eye for 4 turns
102810 | Zig:11   | Identified the staff of air "Efrajaptedo" {rElec rF+}
102833 | Zig:11   | Identified the ring "Plog" {Drain Fly rF+ Str+3}
102853 | Zig:11   | Learned a level 8 spell: Necromutation
102855 | Zig:12   | Entered Level 12 of a ziggurat
102868 | Zig:12   | Noticed Pipponuw the pandemonium lord
102868 | Zig:12   | Gained mutation: You expend magic power (3 MP) to
                  | strengthen your wands. [a cacodemon]
102875 | Zig:12   | Killed Pipponuw the pandemonium lord
102898 | Zig:12   | Identified the +4 ring mail of Yrghe {+Inv}
102903 | Zig:12   | Identified the +0 rapier of the Endless Expanse {vamp, rF+
                  | Dex+2}
102904 | Zig:12   | Identified the staff of poison "Fasud" {*Corrode rPois
                  | rN+++ Str+7 Int-2}
102929 | Zig:13   | Entered Level 13 of a ziggurat
103043 | Zig:13   | Identified the ring "Rosokeixt" {rC- Will+++ Int-4 Dex+3
                  | SInv}
103047 | Zig:13   | Identified the +0 lajatang of Surophikk {pain, Str+7 SInv
                  | Stlth+}
103062 | Zig:13   | Identified the +0 short sword of Rotation {flame, *Slow
                  | rF+++ Int+2 Dex-5}
103063 | Zig:13   | Identified the ring "Sexziqeowi" {rPois rC+ rN+ EV+5 Str-3}
103106 | Zig:13   | Learned a level 8 spell: Borgnjor's Revivification
103129 | Zig:14   | Entered Level 14 of a ziggurat
103142 | Zig:14   | Reached skill level 1 in Transmutations
103168 | Zig:14   | Identified the ring of Wool {Ice Str+4}
103175 | Zig:14   | Identified the +4 whip "Agog" {freeze, Will++}
103180 | Zig:14   | Identified the ring of Balance {Fire *Corrode rN+++ Dex+8}
103184 | Zig:14   | Identified the +0 scale mail of Prudence {Regen+ Str+3}
103210 | Zig:15   | Entered Level 15 of a ziggurat
103226 | Zig:15   | Noticed a royal mummy
103226 | Zig:15   | Noticed a royal mummy
103227 | Zig:15   | Noticed a royal mummy
103228 | Zig:15   | Noticed a royal mummy
103229 | Zig:15   | Killed a royal mummy
103229 | Zig:15   | Killed a royal mummy
103229 | Zig:15   | Noticed a royal mummy
103230 | Zig:15   | Killed a royal mummy
103231 | Zig:15   | Killed a royal mummy
103232 | Zig:15   | Killed a royal mummy
103233 | Zig:15   | Reached skill level 5 in Transmutations
103379 | Zig:15   | Identified the amulet of Qukkis {Spirit rPois rN+ Str-2}
103382 | Zig:15   | Identified the staff of conjuration "Hoogybo" {rC+ Dex+3}
103393 | Zig:15   | Identified the staff of poison "Bucw" {rPois Str+2}
103396 | Zig:15   | Got the Treatise on Left-Handed Deeds and Rime
103431 | Zig:16   | Entered Level 16 of a ziggurat
103514 | Zig:16   | Identified the staff of fire "Koafolel" {rF+ rCorr Str+4
                  | Int-5}
103521 | Zig:17   | Entered Level 17 of a ziggurat
103539 | Zig:17   | Noticed a royal mummy
103542 | Zig:17   | Killed a royal mummy
103542 | Zig:17   | Noticed a royal mummy
103544 | Zig:17   | Killed a royal mummy
103552 | Zig:17   | Noticed a royal mummy
103554 | Zig:17   | Killed a royal mummy
103654 | Zig:17   | Found the +7 great mace "Firestarter" {flame, immolate,
                  | rFlCloud rF++}
103660 | Zig:17   | Identified the staff of fire "Unkac" {rF+ rN+ Will+++
                  | Dex-4}
103664 | Zig:17   | Identified the +1 trident "Leladgho" {heavy, rC+}
103668 | Zig:17   | Identified the staff of conjuration "Onetwoch" {rN+ Int+2}
103671 | Zig:17   | Identified the +9 great sword of Kupnyit {flame, rN+ rCorr
                  | Int-3 SInv}
103687 | Zig:17   | Identified the staff of earth "Dycw" {Int+4}
103700 | Zig:18   | Entered Level 18 of a ziggurat
103745 | Zig:18   | Identified the ring of Bodily Harmony {rC+ Int+6}
103756 | Zig:18   | Identified the amulet "Seleas" {Reflect rElec rPois rF+++
                  | Str-2 SH+5}
103774 | Zig:18   | Identified the staff of earth "Hokku" {Int+4}
103786 | Zig:19   | Entered Level 19 of a ziggurat
103873 | Zig:19   | Identified the +0 halberd of Uhittem {drain, *Rage Str+8}
103892 | Zig:19   | Identified the +5 shortbow of Cyes {flame, rPois Int+3}
103904 | Zig:20   | Entered Level 20 of a ziggurat
103918 | Zig:20   | Noticed Leso the pandemonium lord
103918 | Zig:20   | Noticed Ciedgh the pandemonium lord
103922 | Zig:20   | Noticed Galoqa the pandemonium lord
103924 | Zig:20   | Noticed Tualygar the pandemonium lord
103925 | Zig:20   | Killed Ciedgh the pandemonium lord
103934 | Zig:20   | Killed Leso the pandemonium lord
103936 | Zig:20   | Killed Galoqa the pandemonium lord
103938 | Zig:20   | Noticed Wadd the pandemonium lord
103939 | Zig:20   | Killed Tualygar the pandemonium lord
103941 | Zig:20   | Killed Wadd the pandemonium lord
103954 | Zig:20   | Noticed Paem the pandemonium lord
103957 | Zig:20   | Killed Paem the pandemonium lord
103965 | Zig:20   | Noticed Koluequu the pandemonium lord
103970 | Zig:20   | Killed Koluequu the pandemonium lord
103970 | Zig:20   | Noticed Ferozeb the pandemonium lord
103973 | Zig:20   | Killed Ferozeb the pandemonium lord
103988 | Zig:20   | Noticed Piachecs the pandemonium lord
103990 | Zig:20   | Noticed Goakhom the pandemonium lord
103994 | Zig:20   | Killed Piachecs the pandemonium lord
103997 | Zig:20   | Killed Goakhom the pandemonium lord
104133 | Zig:20   | Identified the +4 war axe "Nobuliun" {heavy, Fragile rPois
                  | Stlth+}
104166 | Zig:21   | Entered Level 21 of a ziggurat
104233 | Zig:21   | Found the +10 dark maul {heavy}
104252 | Zig:21   | Identified the staff of death "Vicwevue" {rElec rPois rC-
                  | rN+}
104255 | Zig:21   | Identified the staff of air "Vauz Zomu" {rElec rPois Will+
                  | Str+3 Dex+5}
104257 | Zig:21   | Identified the staff of earth "Tusop" {+Blink Will+ Str-5
                  | Dex+6}
104268 | Zig:21   | Identified the +1 rapier "Nuruenge" {vamp, *Corrode rElec
                  | rF++ Stlth+}
104271 | Zig:21   | Identified the +0 ring mail of Negligence {rCorr Int+3
                  | Dex+3}
104277 | Zig:22   | Entered Level 22 of a ziggurat
104404 | Zig:22   | Identified the +0 chain mail of Somewhere Else {Harm
                  | *Corrode Str+7}
104409 | Zig:23   | Entered Level 23 of a ziggurat
104420 | Zig:23   | Noticed a juggernaut
104426 | Zig:23   | Noticed a juggernaut
104427 | Zig:23   | Killed a juggernaut
104429 | Zig:23   | Killed a juggernaut
104439 | Zig:23   | Noticed a juggernaut
104455 | Zig:23   | Killed a juggernaut
104539 | Zig:23   | Identified the +9 hand axe "Cow Unlevugh" {flame, Will+
                  | Dex+4 SInv Stlth+}
104544 | Zig:23   | Identified the +3 buckler "Rew Syt" {Rampage rF+ Int+4
                  | Stlth+}
104571 | Zig:23   | Identified the +4 scimitar of Turmoil {freeze, Int+5}
104574 | Zig:23   | Identified the ring "Daef" {Will+ Dex+4 Stlth+}
104580 | Zig:23   | Reached skill level 27 in Earth Magic
104590 | Zig:23   | Learned a level 8 spell: Infestation
104603 | Zig:24   | Entered Level 24 of a ziggurat
104625 | Zig:24   | Noticed Ereufydu's ghost (legendary VSGl)
104625 | Zig:24   | Noticed Gishoal's ghost (legendary KoBr)
104625 | Zig:24   | Noticed Ereufydu's ghost (legendary VSGl)
104628 | Zig:24   | Noticed Wyzxe's ghost (legendary OpFE)
104628 | Zig:24   | Noticed Rauty's ghost (veteran MiFi)
104628 | Zig:24   | Noticed Lavandula's ghost (legendary DsGl)
104630 | Zig:24   | Noticed Xiorchab's ghost (legendary VSFi)
104635 | Zig:24   | Killed Ereufydu's ghost
104637 | Zig:24   | Killed Rauty's ghost
104637 | Zig:24   | Killed Wyzxe's ghost
104637 | Zig:24   | Noticed Erphurifo's ghost (legendary GnWn)
104637 | Zig:24   | Noticed Muffal's ghost (legendary FoFi)
104641 | Zig:24   | Noticed Ihium's ghost (legendary GrEE)
104644 | Zig:24   | Killed Xiorchab's ghost
104647 | Zig:24   | Killed Muffal's ghost
104648 | Zig:24   | Noticed Erphurifo's ghost (legendary GnWn)
104648 | Zig:24   | Noticed choppaz's ghost (legendary GrEE)
104651 | Zig:24   | Killed Lavandula's ghost
104652 | Zig:24   | Killed Gishoal's ghost
104653 | Zig:24   | Killed Ihium's ghost
104656 | Zig:24   | Killed Erphurifo's ghost
104658 | Zig:24   | Killed Zorhyraw's ghost
104658 | Zig:24   | Killed Erphurifo's ghost
104664 | Zig:24   | Killed choppaz's ghost
104671 | Zig:24   | Killed Ereufydu's ghost
104773 | Zig:24   | Identified the ring of Zithaeq {*Corrode rElec rPois rF+
                  | Str+5}
104823 | Zig:25   | Entered Level 25 of a ziggurat
104839 | Zig:25   | Noticed a juggernaut
104849 | Zig:25   | Killed a juggernaut
104866 | Zig:25   | Noticed a juggernaut
104867 | Zig:25   | Noticed a juggernaut
104867 | Zig:25   | Noticed a juggernaut
104867 | Zig:25   | Noticed a juggernaut
104872 | Zig:25   | Killed a juggernaut
104872 | Zig:25   | Killed a juggernaut
104873 | Zig:25   | Killed a juggernaut
104878 | Zig:25   | Killed a juggernaut
104916 | Zig:25   | Noticed a juggernaut
104921 | Zig:25   | Killed a juggernaut
104992 | Zig:25   | Found the +5 scythe "Finisher" {speed, execute}
104994 | Zig:25   | Found the +6 Majin-Bo {spellvamp, MP+6 Int+6}
105026 | Zig:25   | Identified the ring of Zuh Puu {Fly Dex+5}
105048 | Zig:25   | Identified the +5 lajatang "Kuahoym" {venom, Drain rPois
                  | Str+4 Int+3}
105058 | Zig:25   | Identified the +3 dagger "Zedul" {drain, rC+ Will+ Int-5}
105078 | Zig:26   | Entered Level 26 of a ziggurat
105166 | Zig:26   | Found the +8 mithril axe "Arga" {speed, Will+}
105166 | Zig:26   | Found the +7 lajatang of Order {silver, rMut}
105178 | Zig:26   | Identified the staff of air "Suchuc" {rElec rC+++ Int-5
                  | Dex+2 Stlth+}
105183 | Zig:26   | Identified the +2 robe of Delicate Freedom {rCorr Str+4}
105196 | Zig:26   | Identified the +2 sling of the Six Places {drain, rF++}
105350 | Zig:27   | Entered Level 27 of a ziggurat
105416 | Zig:27   | Identified the +2 short sword of Eternal Night {flame,
                  | Fragile rF+ rN+++ Int+2}
105430 | Zig:27   | Identified the +1 robe "Ured" {rElec Regen+ rCorr}
105434 | Zig:27   | Identified the +6 arbalest of Bloody Death {penet, Str+2
                  | Dex+2}
105435 | Zig:27   | Identified the +4 halberd of Extinguishment {holy, rPois
                  | rC+}
105445 | Zig:27   | Identified the +6 plate armour of Filth {Int+2}
105446 | Zig:27   | Identified the +9 flail of Beogh's Reproof {antimagic,
                  | Int+2}
105569 | Depths:3 | Upgraded the game from 0.30-a0-1074-g5db6f66fbb to
                  | 0.30-a0-1082-g70414cbcbb
106223 | Pan      | Entered Pandemonium
106636 | Pan      | Identified the +8 quarterstaff "Plojy" {heavy, rN+ rCorr
                  | Dex+3}
106686 | Pan      | Noticed Reir the pandemonium lord
106702 | Pan      | Killed Reir the pandemonium lord
107483 | Pan      | Noticed Hepuven the pandemonium lord
107491 | Pan      | Killed Hepuven the pandemonium lord
107754 | Pan      | Entered the realm of Gloorx Vloq.
107807 | Pan      | Reached skill level 1 in Axes
108064 | Pan      | Noticed Gloorx Vloq
108071 | Pan      | Killed Gloorx Vloq
108344 | Pan      | Got a dark rune of Zot
108779 | Pan      | Noticed Ugoit the pandemonium lord
108799 | Pan      | Killed Ugoit the pandemonium lord
108949 | Pan      | Entered the realm of Cerebov.
108999 | Pan      | Found an exit through the horrors of the Abyss.
109037 | Pan      | Reached skill level 5 in Axes
109041 | Pan      | Learned a level 2 spell: Blink
109414 | Pan      | Found the +6 sword of Cerebov {flame}
109414 | Pan      | Noticed Cerebov
109433 | Pan      | Killed Cerebov
109444 | Pan      | Got the Catalogue of Transmogrification
109611 | Pan      | Identified the +2 leather armour of Resilience {Rampage rC+
                  | Str+2 Dex+4}
109653 | Pan      | Identified the staff of air "Uraorph" {rElec rF+}
109763 | Pan      | Identified the ring "Biget" {Contam MP+9 Str+4 Int+3 Dex+3}
109940 | Pan      | Identified the staff of poison "Havvy" {rPois Str+3}
110028 | Pan      | Identified the staff of air "Taidanwo" {rElec Int+5}
110474 | Pan      | Got a fiery rune of Zot
111172 | Pan      | Found an exit through the horrors of the Abyss.
111218 | Pan      | Entered the realm of Lom Lobon.
111218 | Pan      | Noticed Lom Lobon
111232 | Pan      | Killed Lom Lobon
111357 | Pan      | Got a magical rune of Zot
111992 | Pan      | Identified the +3 leather armour of Emaruumm {Int+2}
112646 | Pan      | Found an exit through the horrors of the Abyss.
112866 | Pan      | Entered the realm of Mnoleg.
112967 | Pan      | Paralysed by a floating eye for 2 turns
112980 | Pan      | Noticed Mnoleg
113010 | Pan      | Killed Mnoleg
113011 | Pan      | Reached skill level 10 in Axes
114020 | Pan      | Got a glowing rune of Zot
114479 | Pan      | Noticed Gosisot the pandemonium lord
114485 | Pan      | Killed Gosisot the pandemonium lord
114642 | Pan      | Found a transporter.
114767 | Pan      | Identified the +2 pair of gloves of Nanuafuf {Harm rN+++
                  | Will++ Str-3 Int+3}
114769 | Pan      | Identified the staff of death "Xecaux" {rPois rN+ Str+3
                  | Dex-2}
114829 | Pan      | Found a transporter.
114841 | Pan      | Identified the ring "Rudoal" {Slay+4 SInv}
114957 | Pan      | Noticed Qassis the pandemonium lord
114967 | Pan      | Killed Qassis the pandemonium lord
115575 | Pan      | Noticed Dyliaskiu the pandemonium lord
115643 | Pan      | Killed Dyliaskiu the pandemonium lord
115668 | Pan      | Got a demonic rune of Zot
115669 | Pan      | Identified the staff of poison "Ruhedd" {rPois rN+}
115677 | Pan      | Identified the +5 war axe of the Revolution {freeze, Str+5}
115735 | Pan      | Found an exit through the horrors of the Abyss.
115915 | Pan      | Noticed Topron the pandemonium lord
115929 | Pan      | Killed Topron the pandemonium lord
116064 | Pan      | Found an exit through the horrors of the Abyss.
116296 | Pan      | Identified the +5 battleaxe "Jatuett" {protect, rF+}
116325 | Pan      | Noticed Mugizu the pandemonium lord
116335 | Pan      | Killed Mugizu the pandemonium lord
116376 | Pan      | Found an exit through the horrors of the Abyss.
116627 | Pan      | Noticed Purec the pandemonium lord
116640 | Pan      | Killed Purec the pandemonium lord
116641 | Pan      | Reached skill level 27 in Fighting
116808 | Pan      | Found an exit through the horrors of the Abyss.
117549 | Pan      | Identified the +1 hand axe of the Big Bang {venom, rF+ rC+
                  | rCorr Str-4}
117643 | Pan      | Noticed Zakkaro the pandemonium lord
117657 | Pan      | Killed Zakkaro the pandemonium lord
118493 | Pan      | Found an exit through the horrors of the Abyss.
118538 | Pan      | Noticed Zuajoq the pandemonium lord
118547 | Pan      | Killed Zuajoq the pandemonium lord
118641 | Pan      | Gained mutation: Your body often deteriorates upon taking
                  | damage. [a cacodemon]
118730 | Pan      | Noticed Yhank the pandemonium lord
118743 | Pan      | Killed Yhank the pandemonium lord
119228 | Pan      | Noticed Ugoham the pandemonium lord
119229 | Pan      | Found an exit through the horrors of the Abyss.
119233 | Pan      | Gained mutation: Your magical capacity is low. (-10% MP) [a
                  | neqoxec]
119238 | Pan      | Took an exit into the Abyss.
119238 | Abyss:3  | Escaped into the Abyss
119259 | Depths:2 | Escaped the Abyss
119476 | Geh:1    | Entered Level 1 of Gehenna
120436 | Geh:7    | Entered Level 7 of Gehenna
121072 | Geh:7    | Found the +13 sceptre of Asmodeus
121072 | Geh:7    | Noticed Asmodeus
121124 | Geh:7    | Killed Asmodeus
121256 | Geh:7    | Got an obsidian rune of Zot
121449 | Coc:1    | Entered Level 1 of Cocytus
121460 | Coc:1    | Reached skill level 27 in Necromancy
121823 | Coc:3    | Noticed a dread lich
121823 | Coc:3    | You are sucked into a shaft and drop 1 floor!
121826 | Coc:4    | Reached skill level 27 in Spellcasting
122048 | Coc:7    | Entered Level 7 of Cocytus
122069 | Coc:7    | Reached skill level 15 in Armour
122436 | Coc:7    | Noticed a dread lich
122440 | Coc:7    | Killed a dread lich
122441 | Coc:7    | Reached skill level 15 in Axes
122443 | Coc:7    | Found the +8 lance "Wyrmbane" {slay drac, rPois rF+ rC+
                  | AC+3}
122583 | Coc:7    | Noticed Antaeus
122727 | Coc:7    | Killed Antaeus
122769 | Coc:7    | Got an icy rune of Zot
122878 | Coc:7    | Identified the +4 shadow dragon scales "Vuragamp" {Will-
                  | Dex+5 Stlth++++}
123156 | Tar:1    | Entered Level 1 of Tartarus
123466 | Tar:2    | Reached skill level 1 in Maces & Flails
124024 | Tar:5    | Reached skill level 5 in Maces & Flails
124428 | Tar:7    | Entered Level 7 of Tartarus
126210 | Tar:7    | Identified the +5 whip of Overwhelming Force {freeze, rPois
                  | Str+2}
126357 | Tar:7    | Noticed Ereshkigal
126615 | Tar:7    | Killed Ereshkigal
126660 | Tar:7    | Got a bone rune of Zot
126772 | Dis:1    | Entered Level 1 of the Iron City of Dis
126895 | Dis:1    | Reached skill level 1 in Staves
127263 | Dis:4    | Reached skill level 10 in Maces & Flails
127266 | Dis:4    | Reached skill level 5 in Staves
127459 | Dis:6    | Reached skill level 27 in Conjurations
127722 | Dis:7    | Entered Level 7 of the Iron City of Dis
128096 | Dis:7    | Reached skill level 10 in Staves
128530 | Dis:7    | Reached skill level 15 in Evocations
129343 | Dis:7    | Noticed Dispater
129355 | Dis:7    | Killed Dispater
129422 | Dis:7    | Got an iron rune of Zot
130200 | Zot:5    | Got the Orb of Zot
130523 | Depths:1 | Noticed Vaopp the pandemonium lord
130526 | Depths:1 | Killed Vaopp the pandemonium lord
130886 | D:$      | Escaped with the Orb!

Illustrated notes

Levels and vault maps discovered:
D:1:      amcnicky_arrival_single_pillar, layout_rooms, kennysheep_small_spiral,
          chequers_mini_garden
D:2:      layout_basic, st_stairs_10, wad_orctagon
D:3:      layout_rooms, zin_angel
D:4:      layout_rooms, lemuel_zombie_altar_kikubaaqudgha
D:5:      minmay_thinvault, layout_loops_ring,
          minmay_temple_entry_drinking_statues, minmay_fountain_box,
          uniq_grinder, uniq_blork_the_orc
D:6:      layout_loops_corners, nicolae_hepliaklqana_hazy_memory, minitemple,
          gammafunk_ghost_necromancy, minmay_manual_mandibuliform, uniq_edmund
D:7:      layout_loops_corners, minmay_parallelograms
D:8:      layout_basic, uniq_maurice
D:9:      layout_basic, kennysheep_mini_moat, old_standard_altar,
          nicolae_transporter_intersection
D:10:     nzn_winding_woodlands_medium [nzn_winding_woodlands_5x5_three,
          nzn_winding_woodlands_5x15_garden,
          nzn_winding_woodlands_5x5_perimeter, nzn_winding_woodlands_hourglass,
          nzn_winding_woodlands_center_lodge,
          nzn_winding_woodlands_5x5_checkerboard,
          nzn_winding_woodlands_5x5_cross,
          nzn_winding_woodlands_5x15_split_checker,
          nzn_winding_woodlands_5x5_open_star], layout_gridville,
          okawaru_ov_weapons_minmay, nicolae_overflow_crystal_walls,
          nemelex_xobeh_ov_fountains_minmay, kennysheep_small_circle, uniq_urug
D:11:     layout_roguey, erik_lair_island, uniq_grum, uniq_harold
D:12:     layout_roguey, zombieorc1_lemuel
D:13:     layout_basic, david_vaults_4, uniq_kirke
D:14:     layout_basic, serial_rivers, chequers_serial_rivers_small_a,
          chequers_serial_rivers_small_3, chequers_serial_rivers_small_b,
          chequers_serial_rivers_micro_c, chequers_serial_rivers_room_b
D:15:     hangedman_depths_entry_try_elsewhere_first, layout_loops_ring,
          gauntlet_entry_generic, hangedman_abyss_or_decor_slice, uniq_nessos,
          uniq_jorgrun, uniq_josephine
Temple:   corrupted_temple
Lair:1:   layout_chaotic_city, beast_lair_carwin_7, infiniplex_staircase_pool_2,
          lemuel_fruit_tree
Lair:2:   layout_roguey [special_room_bee], minmay_snake_entry_guardpost_small,
          portal_ice_cave_demonic_guard, st_stairs_11, lemuel_fruit_fields,
          uniq_fannar
Lair:3:   layout_chaotic_city, minmay_swamp_entry_eels,
          cheibrodos_lair_lostbears, infiniplex_staircase_pool,
          grunt_megastairs_5
Lair:4:   layout_misc_corridors, nicolae_slime_entry_field_trip,
          beast_lair_carwin_2, grunt_megastairs_4
Lair:5:   minmay_lair_end_frog_pond, layout_hall_layers,
          nicolae_quartered_pool_little, uniq_snorg
Swamp:1:  layout_basic_swamp, ebering_ghost_reflecting_pool,
          evilmike_swamp_ruin_house_6, swamp_pool1
Swamp:2:  layout_basic_swamp, hangedman_swamp_ruin_hall
Swamp:3:  layout_basic_swamp, nicolae_swamp_treefoil
Swamp:4:  swamp_basic_johnstein, layout_basic_swamp, swamp_pool2,
          nzn_swamp_weyward_sisters
Snake:1:  layout_cave_pods, serial_shops, shop, minmay_shop_grove
Snake:2:  layout_grid_maze, nicolae_snake_guarding_the_ruins
Snake:3:  layout_onion_interference, nicolae_snake_shapes, serial_bayou_shore_b,
          uniq_vashnia
Snake:4:  grunt_snake_rune_serpentine_throne, layout_cave_pods,
          nicolae_shop_clearance
Slime:1:  layout_caves
Slime:2:  layout_caves, nicolae_slime_crime_time
Slime:3:  layout_caves, uniq_dissolution
Slime:4:  layout_caves
Slime:5
Orc:1:    layout_caves, serial_shops, shop
Orc:2:    st_orc_open, layout_diamond_mine, serial_shops,
          nicolae_shop_bloodbath_and_beyond, nicolae_shop_waterfront,
          gammafunk_ghost_wrathful_warriors
Elf:1:    eino_elf_arrival_shootout, layout_geoelf_grid,
          minmay_elf_crystal_heptagon, minmay_checkered_concentric_circles
Elf:2:    nicolae_elf_blades_crystal_corner, layout_onion_city, serial_shops,
          shop, gammafunk_ghost_arena, lemuel_upstairs_altar
Elf:3:    grunt_elf_hall_diamonds, layout_geoelf_octagon, serial_shops, shop,
          uniq_zenata
Vaults:1: mu_enter_wizlab_5, vaults_mumra_hex, v_misc_29,
          vaults_room_hangedman_quadrants, ontoclasm_vaults_eye,
          grunt_vaults_twisty, vaults_mumra_minichess, layout_vaults_omnigrid
Vaults:2: vaults_dpeg_encased_lava, vaults_room_grunt_arrival_ludios,
          nicolae_vaults_back_hallway, vaults_room_semicircle,
          nicolae_vaults_angled_halls, ontoclasm_vaults_chip,
          nicolae_vaults_angled_halls, nicolae_vaults_little_squares_1,
          v_misc_3, nicolae_vaults_specimen_jars, nicolae_vaults_theta,
          hangedman_vaults_trim, ontoclasm_vaults_twist,
          layout_vaults_chaotic_city, serial_shops, bzr_entry_water
Vaults:3: vaults_standard_mumra_lines, nicolae_vaults_mini_display_case,
          v_rooms_6, v_misc_25, minmay_crypt_entry_vampire_xt,
          hangedman_vaults_corner, v_pattern_5, v_alt_pattern_5,
          ontoclasm_vaults_hangar, ontoclasm_vaults_bender,
          nicolae_vaults_little_squares_4, layout_vaults_big_cross, uniq_boris,
          uniq_mara, uniq_asterion
Vaults:4: portal_desolation_entry_nicolae_slug, v_misc_4, ontoclasm_vaults_spin,
          grunt_vaults_funnel, v_misc_4, ontoclasm_vaults_loading_screen,
          vaults_room_door_hall, grunt_vaults_swirl,
          hangedman_vaults_stretched_pinwheel, nicolae_vaults_little_squares_6,
          grunt_vaults_focal, nicolae_vaults_angled_halls, layout_vaults_omnibox
Vaults:5
Crypt:1:  layout_gridlike, nicolae_crypt_twisting_catacombs
Crypt:2:  layout_misc_corridors, roderic_lattice_octagonal_star, lemuel_elevator
Crypt:3:  lightli_unholy_cathedral, layout_chaotic_city
Tomb:1:   uniq_khufu
Tomb:2
Tomb:3:   uniq_mennas
Depths:1: layout_basic, pf_hell_entry_tar_spiral,
          nicolae_uskayaw_murder_on_the_dancefloor, lemuel_blue_sif_altar,
          uniq_aizul, uniq_enchantress
Depths:2: minmay_diamond_stairs, layout_gridville, serial_shops, shop,
          nrook_mini_backslash, grunt_pan_entry_spiral, hangedman_coc_ice_floe,
          infiniplex_staircase_trident
Depths:3: evilmike_pillar_path, layout_cross, enter_ziggurat_c, hellmouth_2,
          abyss_entry_small_statue_room, lemuel_freeze_loot_1
Depths:4: evilmike_zot_entry_basic, layout_honeycomb, gammafunk_ghost_mausoleum,
          yredelemnul_altar_generic, hell_entry, abyss_entry, ashenzari_altar_1,
          uniq_josephina
Hell
Dis:1:    layout_gridville, lemuel_dis_dragons
Dis:2:    layout_gridville, nrook_loot_triangle
Dis:3:    nicolae_dis_pentagon_2, layout_jigsaw, nicolae_dis_distal_crystal
Dis:4:    layout_regular_city
Dis:5:    layout_subdivisions
Dis:6:    layout_subdivisions, nicolae_dis_metal_dragon_surprise
Dis:7:    iron_city_of_dis [dis_grunt, dis_wall_5], layout_gridville,
          nicolae_dis_grated_feature
Geh:1:    layout_gehenna_pools_triple
Geh:2:    layout_gehenna_pools_basic, lemuel_old_faithful
Geh:3:    layout_gehenna_lava_caves, nicolae_geh_single_fiery_grave
Geh:4:    nicolae_geh_realm_of_the_lava_sea
Geh:5:    layout_gehenna_lava_caves
Geh:6:    layout_gehenna_pools_basic
Geh:7:    geh_old
Coc:1:    layout_ice_bergs, serial_ice, serial_ice_f, serial_ice_o
Coc:2:    layout_ice_bergs
Coc:3:    layout_ice_bergs
Coc:4:    layout_cocytus_delve, nicolae_coc_statues_of_limitations
Coc:5:    layout_cocytus_delve
Coc:6:    layout_cocytus_water_paths
Coc:7:    coc_dpeg
Tar:1:    layout_grid_maze
Tar:2:    layout_grid_maze
Tar:3:    layout_grid_maze
Tar:4:    layout_honeycomb, nicolae_hells_fiendish_ambush
Tar:5:    layout_cathedral_of_symmetry
Tar:6:    layout_grid_maze
Tar:7:    tar_mu [tar_mu_maze]
Zot:1:    kennysheep_spiral_hall, layout_gridlike, st_stairs_9
Zot:2:    layout_gridlike, ebering_ghost_reflecting_pool,
          st_single_dragon_hoard_4, lemuel_elevator
Zot:3:    lemuel_halls_of_wrath, layout_gridlike, st_stairs_10
Zot:4:    layout_gridlike, uniq_vv
Zot:5:    layout_gridlike

Skill      XL: |  1  2  3  4  5  6  7  8  9 10 11 12 13 14 15 16 17 18 19 20 21 22 23 24 25 26 27 |
---------------+----------------------------------------------------------------------------------+-----
Spellcasting   | 3 4 5 6 7 8 10 11 12 13 15 16 17 18 19 20 27 | 27.0
Earth Magic    | 4 5 7 10 11 12 16 27 | 27.0
Conjurations   | 1 2 5 6 7 9 10 11 13 16 18 19 21 22 27 | 27.0
Fighting       | 2 4 8 9 11 12 14 16 27 | 27.0
Armour         | 3 4 6 9 11 12 21 | 21.0
Dodging        | 3 4 10 12 13 15 16 21 | 21.0
Shields        | 1 2 4 6 9 11 12 14 21 | 21.0
Throwing       | 1 |  1.0
Fire Magic     | 4 10 12 13 15 17 19 20 21 22 23 | 23.0
Summonings     | 1 7 |  7.0
Evocations     | 19 | 19.0
Necromancy     | 27 | 27.0
Transmutations | 8 |  8.0
Axes           | 17 | 17.0
Maces & Flails | 10 | 10.6
Staves         | 10 | 10.0
Stealth        | |  2.1

Action                     |  1- 3 |  4- 6 |  7- 9 | 10-12 | 13-15 | 16-18 | 19-21 | 22-24 | 25-27 || total
---------------------------+-------+-------+-------+-------+-------+-------+-------+-------+-------++-------
  Melee: Dagger            |     5 |    16 |    33 |    17 |    14 |    18 |     2 |       |       ||   105
         Unarmed           |     1 |       |       |       |       |       |       |       |       ||     1
         Punch             |       |       |     1 |       |       |       |       |       |       ||     1
         Hand axe          |       |       |       |       |       |       |       |     1 |       ||     1
         Broad axe         |       |       |       |       |       |       |       |       |  1268 ||  1268
         Eveningstar       |       |       |       |       |       |       |       |       |   146 ||   146
         Whip              |       |       |       |       |       |       |       |       |   108 ||   108
         Staff             |       |       |       |       |       |       |       |       |   108 ||   108
         Lance             |       |       |       |       |       |       |       |       |    95 ||    95
         Bo                |       |       |       |       |       |       |       |       |     3 ||     3
  Throw: Dart              |       |       |     3 |     8 |     2 |     5 |       |       |       ||    18
         Throwing net      |       |       |       |       |       |     2 |       |       |       ||     2
   Cast: Sandblast         |    53 |    85 |    47 |    60 |   371 |       |       |       |       ||   616
         Stone Arrow       |       |       |    86 |   222 |   172 |    24 |       |       |       ||   504
         Sticky Flame      |       |       |       |    15 |     1 |       |       |       |       ||    16
         Lee's Rapid Decon |       |       |       |    45 |    32 |     5 |     7 |       |       ||    89
         Fireball          |       |       |       |       |   227 |   104 |    39 |       |     1 ||   371
         Inner Flame       |       |       |       |       |     1 |       |       |       |       ||     1
         Irradiate         |       |       |       |       |    10 |    27 |     6 |     8 |    22 ||    73
         Orb of Destructio |       |       |       |       |     1 |   138 |     9 |     3 |    14 ||   165
         Starburst         |       |       |       |       |       |    71 |    44 |     8 |    31 ||   154
         Spellforged Servi |       |       |       |       |       |    36 |   107 |    76 |   390 ||   609
         Iron Shot         |       |       |       |       |       |     8 |   148 |    70 |   444 ||   670
         Fire Storm        |       |       |       |       |       |       |    67 |   217 |   521 ||   805
         Shatter           |       |       |       |       |       |       |       |       |  1085 ||  1085
         Infestation       |       |       |       |       |       |       |       |       |   333 ||   333
         Necromutation     |       |       |       |       |       |       |       |       |    56 ||    56
         Borgnjor's Revivi |       |       |       |       |       |       |       |       |     1 ||     1
Ability: End Transformatio |       |       |       |       |       |       |       |       |     6 ||     6
  Evoke: Wand              |       |       |       |     8 |       |     1 |       |       |    14 ||    23
         Tin of tremorston |       |       |       |       |     2 |       |       |       |     4 ||     6
         Phantom mirror    |       |       |       |       |       |     1 |       |       |     8 ||     9
         Condenser vane    |       |       |       |       |       |       |       |       |     3 ||     3
         Horn of Geryon    |       |       |       |       |       |       |       |       |     1 ||     1
         Phial of floods   |       |       |       |       |       |       |       |       |     1 ||     1
    Use: Scroll            |       |     7 |     3 |     8 |     9 |    10 |     7 |    11 |    69 ||   124
         Potion            |       |       |       |       |     1 |       |     4 |    12 |    96 ||   113
   Stab: Paralysed         |       |       |       |     4 |       |       |       |       |       ||     4
         Distracted        |       |       |       |       |       |       |       |       |    30 ||    30
         Confused          |       |       |       |       |       |       |       |       |     1 ||     1
         Invisible         |       |       |       |       |       |       |       |       |     1 ||     1
 Armour: Robe              |     7 |    15 |    58 |    69 |   233 |   140 |   115 |    84 |  1150 ||  1871
         Skin              |       |       |       |       |       |       |       |       |     6 ||     6
  Dodge: Dodged            |    16 |    34 |    47 |   104 |   296 |   129 |   137 |    69 |  1632 ||  2464
  Block: Buckler           |       |       |       |    26 |    88 |    46 |    55 |    24 |       ||   239
         Kite shield       |       |       |       |       |       |       |       |    22 |  2036 ||  2058

Table legend: (Time is in decaauts)
 A = Elapsed time spent in this place.
 B = Non-inter-level travel time spent in this place.
 C = Inter-level travel time spent in this place.
 D = Time resting spent in this place.
 E = Time spent auto-exploring this place.
 F = Levels seen in this place.
 G = Mean time per level.
                   A        B        C        D        E       F      G
               +--------+--------+--------+--------+--------+-----+--------+
         Total | 130835 | 116555 |  14280 |  36385 |  47111 | 157 |  833.3 |
       Dungeon |  26674 |  23160 |   3514 |   7321 |  12421 |  15 | 1778.3 |
        Temple |    372 |    360 |     12 |    301 |     45 |   1 |  372.0 |
          Lair |  10457 |   9274 |   1183 |   3348 |   4344 |   5 | 2091.4 |
         Swamp |   6670 |   6122 |    548 |   3012 |   2217 |   4 | 1667.5 |
     Snake Pit |   6312 |   5859 |    453 |   1435 |   2989 |   4 | 1578.0 |
    Slime Pits |   3084 |   2833 |    251 |   1158 |   1172 |   5 |  616.8 |
  Orcish Mines |   2614 |   2190 |    424 |   1118 |    708 |   2 | 1307.0 |
   Elven Halls |   5404 |   4294 |   1110 |    782 |   2480 |   3 | 1801.3 |
        Vaults |  11631 |   8983 |   2648 |   2122 |   4893 |   5 | 2326.2 |
         Crypt |   7004 |   6238 |    766 |   4057 |   1611 |   3 | 2334.7 |
          Tomb |   4362 |   4123 |    239 |   1834 |   1327 |   3 | 1454.0 |
        Depths |   6353 |   4851 |   1502 |    988 |   2884 |   4 | 1588.2 |
          Hell |    710 |    642 |     68 |     12 |    209 |   1 |  710.0 |
           Dis |   2666 |   2627 |     39 |   1412 |     11 |   7 |  380.9 |
       Gehenna |   1782 |   1715 |     67 |    415 |      0 |   7 |  254.6 |
       Cocytus |   1638 |   1616 |     22 |    563 |    348 |   7 |  234.0 |
      Tartarus |   3464 |   3166 |    298 |   1141 |    363 |   7 |  494.9 |
           Zot |   8720 |   7590 |   1130 |   2017 |   3986 |   5 | 1744.0 |
         Abyss |    732 |    732 |      0 |      0 |    122 |   5 |  146.4 |
   Pandemonium |  12750 |  12750 |      0 |   1062 |   3612 |  32 |  398.4 |
      Ziggurat |   3586 |   3586 |      0 |   1079 |    218 |  27 |  132.8 |
        Bazaar |    180 |    180 |      0 |      0 |     98 |   1 |  180.0 |
      Ice Cave |   1368 |   1368 |      0 |    831 |    191 |   1 | 1368.0 |
        Wizlab |    612 |    612 |      0 |    201 |    116 |   1 |  612.0 |
    Desolation |   1012 |   1012 |      0 |     81 |    457 |   1 | 1012.0 |
      Gauntlet |    665 |    665 |      0 |     92 |    287 |   1 |  665.0 |
               +--------+--------+--------+--------+--------+-----+--------+

Top non-repeatable levels by time:
Vaults:3: 3352 daAuts
    D:12: 2810 daAuts
    D:10: 2786 daAuts
 Crypt:3: 2742 daAuts
     D:6: 2641 daAuts
Vaults:1: 2617 daAuts
Vaults:2: 2532 daAuts
  Lair:4: 2449 daAuts
   Zot:5: 2403 daAuts
  Lair:2: 2393 daAuts
    D:15: 2333 daAuts
  Tomb:1: 2260 daAuts
   Tar:7: 2244 daAuts
     D:5: 2220 daAuts
 Crypt:1: 2197 daAuts
